 Dungeon Crawl Stone Soup version 0.31-a0-978-g1e143483b6 (webtiles) character file.

Game seed: 5920950961395689065

8910391 demirab the Grand Master (level 27, 249/249 HPs)
             Began as a Gnoll Hedge Wizard on Aug 26, 2023.
             Was the Champion of Fedhas.
             Escaped with the Orb
             ... and 15 runes on Oct 30, 2023!
             The game lasted 2 days 07:35:43 (193677 turns).

demirab the Grand Master (Gnoll Hedge Wizard) Turns: 193677, Time: 2 , 07:35:44

Health: 249/249    AC: 29    Str: 22      XL:     27
Magic:  54/54      EV: 24    Int: 24      God:    Fedhas [******]
Gold:   5855       SH: 27    Dex: 14 (17) Spells: 1/80 levels left

rFire   + + .        c - +7 trishula (holy)
rCold   + . .        H - +2 tower shield "Dapimn" {rPois Will+ Str+3 Dex+2}
rNeg    + + .        Z - +5 ring mail of the Turtledove {Regen+ Str+3 Slay+3}
rPois   +            h - +2 hat {Int+3}
rElec   +            L - +2 cloak "Ituabb" {rElec Will++}
rCorr   .            b - +2 pair of gloves {hurl}
SInv    +            S - +1 pair of boots of Existentialism {Contam rElec rN++ Regen+}
Will    +++++        e - amulet "Jesolaid" {RegenMP Str+3}
Stlth   +++          C - ring of Zerot {rF++ rC+}
HPRegen 2.21/turn    M - ring of see invisible
MPRegen 0.74/turn

%: no passive effects
@: studying 5 skills
A: fangs 1, strong nose, distributed training, inability to read after injury 1,
MP-powered wands
0: Orb of Zot
}: 15/15 runes: decaying, slimy, silver, golden, iron, obsidian, icy, bone,
abyssal, demonic, glowing, magical, fiery, dark, gossamer
a: Renounce Religion, Wall of Briars, Grow Ballistomycete, Overgrow, Grow Oklob


You escaped.
You worshipped Fedhas.
Fedhas was exalted by your worship.
You visited 18 branches of the dungeon, and saw 88 of its levels.
You visited Pandemonium 6 times, and saw 21 of its levels.
You visited the Abyss 5 times.
You visited 1 bazaar.
You also visited: Ossuary and Gauntlet.

You collected 18747 gold pieces.
You spent 12892 gold pieces at shops.

Inventory:

Hand Weapons
 a - a +2 dagger of venom
 c - a +7 trishula of holy wrath (weapon)
 i - the +4 consecrated labrys {holy, Valiant Fragile Fly SInv}
   (You found it on level 7 of Cocytus)

   Valiant:   It becomes more powerful as more dangerous foes come into view.
   SInv:      It lets you see invisible.
   Fly:       It grants you flight.
   Fragile:   It will be destroyed if unequipped.
 K - the +3 Elemental Staff {ele, rElec rF+ rC+ AC+3}
   (You found it on level 7 of Tartarus)

   AC+3:      It affects your AC (+3).
   rF+:       It protects you from fire.
   rC+:       It protects you from cold.
   rElec:     It insulates you from electricity.
Missiles
 m - 3 boomerangs (quivered)
 s - 7 silver javelins
 z - 3 throwing nets
 J - 5 darts of dispersal
 N - 2 javelins
 X - 4 curare-tipped darts
Armour
 b - a +2 pair of gloves of hurling (worn)
 h - a +2 hat of intelligence (worn)
 H - the +2 tower shield "Dapimn" (worn) {rPois Will+ Str+3 Dex+2}
   (You took it off a daeva in Pandemonium)

   Str+3:     It affects your strength (+3).
   Dex+2:     It affects your dexterity (+2).
   rPois:     It protects you from poison Will+: It increases your willpower.
 L - the +2 cloak "Ituabb" (worn) {rElec Will++}
   (You found it in a Gauntlet)

   rElec:     It insulates you from electricity.
   Will++:    It greatly increases your willpower.
 S - the +1 pair of boots of Existentialism (worn) {Contam rElec rN++ Regen+}
   (You found it in Pandemonium)

   rElec:     It insulates you from electricity.
   rN++:      It greatly protects you from negative energy.
   Contam:    It causes magical contamination when unequipped.
   Regen+:    It increases your rate of health regeneration.
 Z - the +5 ring mail of the Turtledove (worn) {Regen+ Str+3 Slay+3}
   (You found it on level 9 of the Dungeon)

   Str+3:     It affects your strength (+3).
   Slay+3:    It affects your accuracy & damage with ranged weapons and melee
   (+3).
   Regen+:    It increases your rate of health regeneration.
Jewellery
 e - the amulet "Jesolaid" (around neck) {RegenMP Str+3}
   (You found it in Pandemonium)

   [amulet of magic regeneration]

   RegenMP:   It increases your rate of magic regeneration.
   Str+3:     It affects your strength (+3).
 f - the ring of Paumn {rN+ Str+3}
   (You took it off a deep elf pyromancer on level 9 of the Dungeon)

   [ring of positive energy]

   Str+3:     It affects your strength (+3).
   rN+:       It protects you from negative energy.
 C - the ring of Zerot (left hand) {rF++ rC+}
   (You found it on level 3 of the Swamp)

   [ring of protection from cold]

   rF++:      It greatly protects you from fire.
   rC+:       It protects you from cold.
 M - a ring of see invisible (right hand)
Wands
 p - a wand of digging (31)
 R - a wand of iceblast (64)
 U - a wand of light (32)
Scrolls
 o - 6 scrolls of fog
 q - 20 scrolls of teleportation
 y - 17 scrolls of fear
 D - 3 scrolls of silence
 E - 7 scrolls of vulnerability
 F - 4 scrolls of blinking
 I - 2 scrolls of revelation
 O - 2 scrolls of amnesia
 W - 2 scrolls of summoning
 Y - 11 scrolls of immolation
Potions
 d - 33 potions of curing
 j - 2 potions of brilliance
 k - 2 potions of haste
 l - 3 potions of mutation
 n - 2 potions of magic
 r - 8 potions of might
 t - 10 potions of heal wounds
 u - 6 potions of enlightenment
 v - 3 potions of attraction
 x - 5 potions of resistance
 A - 3 potions of cancellation
 G - 5 potions of berserk rage
 P - 9 potions of ambrosia
 Q - 2 potions of lignification
Miscellaneous
 g - a lightning rod (4/4)
 w - a phantom mirror
 B - a phial of floods
 T - the horn of Geryon
 V - a tin of tremorstones (2/2)


   Skills:
 O Level 27 Fighting
 O Level 27 Short Blades
 O Level 27 Long Blades
 O Level 27 Axes
 O Level 27 Maces & Flails
 O Level 27 Polearms
 O Level 27 Staves
 O Level 27 Ranged Weapons
 O Level 27 Throwing
 O Level 27 Armour
 O Level 27 Dodging
 O Level 27 Stealth
 O Level 27 Shields
 O Level 27 Unarmed Combat
 O Level 27 Spellcasting
 + Level 23.9 Conjurations
 + Level 23.9 Hexes
 + Level 23.9 Summonings
 + Level 23.9 Necromancy
 + Level 23.9 Translocations
 + Level 23.9 Transmutations
 + Level 23.9 Fire Magic
 + Level 23.9 Ice Magic
 + Level 23.9 Air Magic
 + Level 23.9 Earth Magic
 + Level 23.9 Poison Magic
 O Level 27 Invocations
 O Level 27 Evocations
 + Level 25.7 Shapeshifting


You had one spell level left.
You knew the following spells:

 Your Spells              Type           Power      Damage    Failure   Level
a - Magic Dart            Conj           100%       1d8       0%          1
b - Passwall              Tmut/Erth      81%        N/A       0%          2
c - Spellforged Servitor  Conj/Summ      49%        N/A       1%          7
d - Summon Hydra          Summ           49%        N/A       1%          7
e - Malign Gateway        Summ/Tloc      49%        N/A       1%          7
f - Swiftness             Air            98%        N/A       0%          3
g - Yara's Violent Unrav  Hex/Tmut       49%        3d19      0%          5
h - Silence               Hex/Air        49%        N/A       0%          5
i - Ignition              Fire           49%        3d14      1%          8
j - Lee's Rapid Deconstr  Erth           49%        3d23*     0%          5
k - Sublimation of Blood  Necr           98%        N/A       0%          2
n - Lesser Beckoning      Tloc           100%       N/A       0%          2
s - Lehudib's Crystal Sp  Conj/Erth      49%        10d12     1%          8
v - Ensorcelled Hibernat  Hex/Ice        100%       N/A       0%          2
w - Maxwell's Capacitive  Air            49%        ∞         1%          8
x - Blink                 Tloc           100%       N/A       0%          2
z - Borgnjor's Vile Clut  Necr/Erth      49%        N/A       0%          5

Your spell library contained the following spells:

 Spells                   Type           Power      Damage    Failure   Level
 Apportation              Tloc           100%       N/A       0%          1
 Foxfire                  Conj/Fire      100%       2x1d9     0%          1
 Freeze                   Ice            100%       1d10      0%          1
 Kiss of Death            Conj/Necr      100%       2d13      0%          1
 Necrotise                Necr           100%       1d9       0%          1
 Sandblast                Erth           100%       2d20      0%          1
 Shock                    Conj/Air       100%       1d9       0%          1
 Slow                     Hex            100%       N/A       0%          1
 Sting                    Tmut/Pois      100%       1d8       0%          1
 Summon Small Mammal      Summ           100%       N/A       0%          1
 Call Imp                 Summ           100%       N/A       0%          2
 Cigotuvi's Dreadful Rot  Necr/Pois/Air  100%       N/A       0%          2
 Jinxbite                 Hex            100%       N/A       0%          2
 Momentum Strike          Conj/Tloc      100%       3d10      0%          2
 Poisonous Vapours        Pois/Air       100%       N/A       0%          2
 Scorch                   Fire           100%       2d9       0%          2
 Searing Ray              Conj           100%       2d8       0%          2
 Static Discharge         Conj/Air       100%       3-8/arc   0%          2
 Wereblood                Tmut           98%        N/A       0%          2
 Call Canine Familiar     Summ           99%        N/A       0%          3
 Confusing Touch          Hex            98%        N/A       0%          3
 Dazzling Flash           Conj/Hex       100%       N/A       0%          3
 Frozen Ramparts          Ice            100%       1d16      0%          3
 Gell's Gravitas          Tloc           99%        N/A       0%          3
 Hailstorm                Conj/Ice       99%        3d19      0%          3
 Ignite Poison            Fire/Tmut/Pois 98%        N/A       0%          3
 Inner Flame              Hex/Fire       98%        N/A       0%          3
 Mephitic Cloud           Conj/Pois/Air  99%        N/A       0%          3
 Ozocubu's Armour         Ice            98%        N/A       0%          3
 Sigil of Binding         Hex            98%        N/A       0%          3
 Stone Arrow              Conj/Erth      100%       3d13      0%          3
 Summon Guardian Golem    Hex/Summ       99%        N/A       0%          3
 Teleport Other           Tloc           99%        N/A       0%          3
 Tukima's Dance           Hex            98%        N/A       0%          3
 Vampiric Draining        Necr           98%        2d13      0%          3
 Volatile Blastmotes      Fire/Tloc      100%       2d18      0%          3
 Airstrike                Air            49%        2d(7-23)  0%          4
 Anguish                  Hex/Necr       49%        N/A       0%          4
 Animate Armour           Summ/Erth      100%       N/A       0%          4
 Animate Dead             Necr           98%        N/A       0%          4
 Brom's Barrelling Bould  Conj/Erth      99%        2d11      0%          4
 Cause Fear               Hex            49%        N/A       0%          4
 Dimensional Bullseye     Hex/Tloc       49%        N/A       0%          4
 Dispel Undead            Necr           98%        3d31      0%          4
 Flame Wave               Conj/Fire      99%        2d21      0%          4
 Fulminant Prism          Conj/Hex       49%        3d21      0%          4
 Iskenderun's Mystic Bla  Conj/Tloc      99%        2d19      0%          4
 Leda's Liquefaction      Hex/Erth       49%        N/A       0%          4
 Manifold Assault         Tloc           99%        N/A       0%          4
 Olgreb's Toxic Radiance  Pois           98%        N/A       0%          4
 Passage of Golubria      Tloc           99%        N/A       0%          4
 Petrify                  Tmut/Erth      98%        N/A       0%          4
 Sticky Flame             Conj/Fire      99%        2d11      0%          4
 Summon Ice Beast         Ice/Summ       99%        N/A       0%          4
 Summon Lightning Spire   Summ/Air       99%        N/A       0%          4
 Vhi's Electric Charge    Tloc/Air       100%       N/A       0%          4
 Agony                    Necr           98%        N/A       0%          5
 Alistair's Intoxication  Tmut/Pois      65%        N/A       0%          5
 Fireball                 Conj/Fire      49%        3d19      0%          5
 Freezing Cloud           Conj/Ice/Air   49%        6-21      0%          5
 Irradiate                Conj/Tmut      49%        3d28      0%          5
 Iskenderun's Battlesphe  Conj           99%        2d15      0%          5
 Metabolic Englaciation   Hex/Ice        49%        N/A       0%          5
 Summon Forest            Summ/Tloc      49%        N/A       0%          5
 Summon Mana Viper        Hex/Summ       99%        N/A       0%          5
 Bombard                  Conj/Erth      49%        9d8       0%          6
 Conjure Ball Lightning   Conj/Air       49%        3x3d17    0%          6
 Death Channel            Necr           49%        N/A       0%          6
 Dispersal                Tloc           49%        N/A       0%          6
 Eringya's Noxious Bog    Tmut/Pois      49%        4d6       0%          6
 Plasma Beam              Fire/Air       49%        2x1d63    0%          6
 Simulacrum               Ice/Necr       49%        N/A       0%          6
 Starburst                Conj/Fire      49%        6d14      0%          6
 Summon Cactus Giant      Summ           49%        N/A       0%          6
 Enfeeble                 Hex            49%        N/A       1%          7
 Haunt                    Necr/Summ      49%        N/A       1%          7
 Orb of Destruction       Conj           49%        9d13      1%          7
 Ozocubu's Refrigeration  Ice            49%        4d18      1%          7
 Borgnjor's Revivificati  Necr           49%        N/A       1%          8
 Discord                  Hex            49%        N/A       1%          8
 Disjunction              Tloc           49%        N/A       1%          8
 Infestation              Necr           49%        N/A       1%          8
 Chain Lightning          Conj/Air       49%        3d66      6%          9
 Death's Door             Necr           49%        N/A       6%          9
 Dragon's Call            Summ           49%        N/A       6%          9
 Fire Storm               Conj/Fire      49%        8d13      6%          9
 Polar Vortex             Ice            49%        12d6*     6%          9


Dungeon Overview and Level Annotations

Branches:
Dungeon (15/15)            Temple (1/1) D:7            Lair (5/5) D:11
  Swamp (4/4) Lair:3       Spider (4/4) Lair:2        Slime (5/5) Lair:5
    Orc (2/2) D:9             Elf (3/3) Orc:2        Vaults (5/5) D:14
  Crypt (3/3) Vaults:2       Tomb (3/3) Crypt:3      Depths (4/4) D:15
   Hell (visited)             Dis (7/7) Hell            Geh (7/7) Hell
    Coc (7/7) Hell            Tar (7/7) Hell            Zot (5/5) Depths:4
Ossuary (visited)         Gauntlet (visited)

Altars:
Ashenzari
Cheibriados
Dithmenos
Elyvilon
Fedhas
Gozag
Hepliaklqana
Kikubaaqudgha
Makhleb
Nemelex Xobeh
Okawaru
Qazlal
Ru
Sif Muna
Trog
Uskayaw
Vehumet
Wu Jian
Xom
Yredelemnul
Zin
The Shining One
Jiyva
Lugonu

Shops:
D:3 ?((:[   D:5 [   D:7 (   D:11 [   Orc:1 !(   Orc:2 *[[((   Elf:3 !
Vaults:5 ?==??!???!!   Depths:1 *   Depths:2 [:

Portals:
Hell: Depths:1 Depths:2 Depths:3 Depths:4
Abyss: Depths:1 Depths:3 Depths:4
Pandemonium: Depths:2
Ziggurat: Depths:4

Annotations:
Swamp:2 1 runed translucent door, 2 exclusions


Innate Abilities, Weirdness & Mutations

You have very sharp teeth.
Your uncanny sense of smell can sniff out nearby items.
Your experience applies equally to all skills.
You occasionally lose the ability to read scrolls when taking damage.
You expend magic power (3 MP) to strengthen your wands.


Message History

The daeva calls down the wrath of the Shining One upon you.
The Shining One smites you! The daeva blocks your attack.
The daeva is almost dead.
The zombie hands constrict the daeva.
You kill the daeva!
Fedhas accepts your kill.
Your +7 trishula of holy wrath softly glows with a divine radiance!
c - a +7 trishula of holy wrath (weapon)
(D) Dungeon (T) Temple (L) Lair (S) Swamp (N) Spider Nest (M) Slime Pits (O) Orcish Mines (E) Elven Halls (V) Vaults (C) Crypt (W) Tomb (U) Depths (H) Hell (I) Dis (G) Gehenna (X) Cocytus (Y) Tartarus (Z) Zot
Where to? (Tab/Enter - D:1 @ (x,y), ? - help) HP restored.
Magic restored.
There is a stone staircase leading up here.
You climb upwards.
There is a stone staircase leading down here.
There is a stone staircase leading up here.
You climb upwards.
There is a stone staircase leading down here.
There is a stone staircase leading up here.
You climb upwards.
There is a stone staircase leading down here.
There is a stone staircase leading down here.
There is a stone staircase leading up here.
You climb upwards.
There is a stone staircase leading down here.
There is a stone staircase leading up here.
You climb upwards.
There is a stone staircase leading down here.
A hellephant comes into view.
There is a stone staircase leading up here.
You climb upwards.
There is a stone staircase leading down here.
There is an open door here.
There is a staircase leading out of the dungeon here.
You have escaped!

...###..##.#.#.#..###.#....#.#
..............>#......#..#.#.#
.#.#.#.....#.#.#...........#.#
.#.#.#.###.#)#.##(..#.#....#.#
.#.#.#.....#.#......###....#.#
.#.#.#..####........#..#.###.#
...#....# ##.##'##.#........#
......#.# #.#8.8#.#..##########
......#.#####.#♣@♣#.....#.....^.#
........#.....♣♣♣♣♣.......#####.#
....#.###...##♣♣ ♣♣.............#
....#.).....+..# #...#...####..##
#...........##.# #...#....#......
+.....#........# #......#.#.#..##
#.....#.....#..###...#.#.........
#.....##....#..........#..#.#.#.#
.........#.............#..#.#...#


There were no monsters in sight!

Vanquished Creatures
  Cerebov (Pan)
  Antaeus (Coc:7)
  the Royal Jelly (Slime:5)
  Gloorx Vloq (Pan)
  Ignacio (Pan)
  A seraph (Pan)
  the Serpent of Hell (Coc:7)
  Lom Lobon (Pan)
  Mnoleg (Pan)
  6 dread liches
  Dispater (Dis:7)
  7 ancient liches
  2 orbs of fire (Zot:5)
  Mennas (Pan)
  Mara (Spider:3)
  29 royal mummies
  Boris (twice) (Depths:4 Tomb:1)
  Josephina (Depths:4)
  Saint Roka (Vaults:1)
  Bai Suzhen (D:15)
  14 shard shrikes
  23 caustic shrikes
  2 Killer Klowns (Zot:5)
  Margery (Crypt:1)
  3 curse toes
  the Lernaean hydra (Swamp:4)
  9 pandemonium lords
  Geryon (Hell)
  2 pearl dragons (Pan)
  12 golden dragons
  Nikola (Spider:1)
  Norris (Elf:2)
  A profane servitor (Tar:4)
  Arachne (Spider:3)
  16 doom hounds
  2 electric golems (Zot:5)
  19 bone dragons
  22 Tzitzimimeh
  15 Brimstone Fiends
  A shard shrike zombie (Crypt:3)
  4 hellephants
  6 iron giants
  Rupert (D:13)
  25 Ice Fiends
  15 Hell Sentinels
  18 tentacled monstrosities
  6 Orb Guardians
  2 deep elf blademasters (Elf:3)
  6 liches
  12 tainted leviathans
  10 titans
  9 quicksilver dragons
  Asterion (Elf:3)
  10 searing wretches
  2 deep elf master archers (Elf:3)
  16 acid blobs
  2 tentacled starspawn
  A walking divine tome (Depths:2)
  11 death cobs
  5 sphinxes
  34 ancient champions
  11 shadow dragons
  25 Executioners
  Agnes (D:14)
  14 storm dragons
  6 tengu reavers
  15 azure jellies
  2 revenants
  A fenstrider witch (Swamp:1)
  5 draconian monks
  Roxanne (D:14)
  3 draconian knights
  An emperor scorpion (shapeshifter) (Vaults:5)
  20 fire giants
  7 narguns
  6 frost giants
  28 daevas
  16 rockslimes
  9 demonspawn warmongers (Pan)
  20 vault wardens
  8 deep elf sorcerers
  9 iron dragons
  A spectral caustic shrike (Tar:2)
  3 deep elf elementalists (Elf:3)
  3 emperor scorpions (Spider:4)
  7 draconian shifters
  5 draconian scorchers
  14 ghouls
  6 quicksilver elementals
  39 balrugs
  8 shard shrike simulacra
  23 angels (Pan)
  A spriggan defender (Depths:2)
  5 draconian stormcallers
  9 ghost moths
  8 demonspawn corrupters (Pan)
  6 curse skulls
  32 war gargoyles
  4 broodmothers
  20 ironbound preservers
  30 cacodemons
  An orc warlord (Vaults:4)
  8 quicksilver oozes
  8 ironbound thunderhulks
  6 demonspawn blood saints (Pan)
  8 formless jellyfish
  15 ophanim (Pan)
  6 deep elf demonologists
  20 stone giants
  28 very ugly things
  4 draconian annihilators
  Nessos (D:14)
  27 reapers
  A caustic shrike skeleton (Pan)
  8 green draconians
  3 eleionomae
  32 apis (Pan)
  2 bennus (Tomb:3)
  14 vampire knights
  14 black draconians
  23 elemental wellsprings
  7 purple draconians
  4 putrid mouths
  11 white draconians
  12 deep elf annihilators
  11 wendigos
  11 yellow draconians
  A minotaur (Gauntlet)
  17 lorocyprocas
  13 demonspawn black suns (Pan)
  2 spark wasps
  11 red draconians
  13 dire elephants
  20 green deaths (Pan)
  6 bunyips
  23 eidola
  16 blizzard demons (Pan)
  A spectral quicksilver dragon (Tar:7)
  23 iron golems
  12 deep elf death magi
  A crystal guardian (Vaults:2)
  26 mummy priests
  6 jiangshi
  7 entropy weavers
  A spectral golden dragon (Tar:4)
  12 great orbs of eyes
  15 yaktaur captains
  18 ettins
  12 fire dragons
  5 deep elf high priests
  7 rakshasas
  A spectral spriggan (Tar:3)
  A kraken zombie (Hell)
  7 ice dragons
  11 jorogumos
  4 peacekeepers
  5 hell beasts (Pan)
  38 vault guards
  23 hydras
  A quicksilver dragon skeleton (Tomb:1)
  A radroach (Spider:4)
  8 spriggan air magi
  6 salamander tyrants
  7 stokers
  3 catoblepae (D:14)
  A fenstrider witch skeleton (Pan)
  9 caustic shrike simulacra
  A ghost crab (Swamp:1)
  An anaconda (shapeshifter) (Vaults:5)
  A spriggan skeleton (Pan)
  10 alligators
  4 death knights
  13 centaur warriors
  11 ironbound frosthearts
  A merfolk avatar (Lair:5)
  6 juggernaut simulacra
  4 deep troll shamans
  7 boulder beetles
  5 ogre magi
  26 two-headed ogres
  6 deep troll earth magi
  22 demonic crawlers
  2 spectral stone giants
  86 death scarabs
  The ghost of WhatIsLove the Tortoise, a novice HOMo (D:9)
  34 dancing weapons
  35 hell hogs
  5 tengu warriors
  3 death yaks (D:11)
  2 thrashing horrors (Abyss:3)
  2 spectral dire elephants
  A spectral naga (Tar:1)
  A spectral orc (Tar:2)
  Urug (Lair:5)
  A storm dragon zombie (Crypt:1)
  20 deep elf knights
  9 spriggan berserkers
  16 vampire magi
  49 soul eaters
  8 spriggans
  96 sun demons
  A titan skeleton (Pan)
  11 crystal echidnas
  An emperor scorpion zombie (Crypt:2)
  The ghost of HoaS the Skirmisher, a novice GrHu of Zin (D:8)
  45 sixfirhies
  12 hell knights
  8 iron trolls
  Lodul (D:13)
  3 spatial maelstroms (Abyss:3)
  4 pharaoh ants
  5 skysharks
  21 shadow wraiths
  2 salamander mystics (Depths:3)
  9 shadow demons
  A spectral anaconda (Tar:5)
  A sea snake (shapeshifter) (Vaults:5)
  31 skeletal warriors
  23 cherubim (Pan)
  3 sun moths
  7 flayed ghosts
  6 goliath frogs
  6 quicksilver dragon simulacra
  14 orb spiders
  3 spriggan druids
  10 swamp dragons
  8 deep elf archers
  A deep troll (shapeshifter) (Depths:1)
  5 spriggan simulacra
  25 deep trolls
  14 phantasmal warriors
  2 sea snakes (Lair:5)
  3 arcanists (Pan)
  8 glowing orange brains
  12 lindwurms
  10 bog bodies
  14 ironbound convokers
  28 deep elf pyromancers
  A sphinx simulacrum (Depths:4)
  3 orc knights
  9 occultists
  A lindwurm (shapeshifter) (Depths:2)
  An anaconda skeleton (Crypt:3)
  6 harpies
  A wolf spider (shapeshifter) (Depths:3)
  An orange crystal statue (Zot:5)
  9 steelbarb worms
  7 necromancers
  6 manticores
  2 orc sorcerers
  30 deep elf zephyrmancers
  A frost giant zombie (Crypt:2)
  2 fauns (shapeshifter)
  3 alligator zombies
  10 cyclopes
  23 wolf spiders
  3 shadow dragon skeletons
  10 shining eyes
  A worldbinder (Abyss:3)
  A cyclops (shapeshifter) (Elf:1)
  46 ugly things
  33 moths of wrath
  5 will-o-the-wisps
  9 salamanders
  An alligator skeleton (Crypt:2)
  A dire elephant zombie (Tomb:3)
  7 eyes of devastation
  17 vault sentinels
  A formless jellyfish zombie (Crypt:1)
  8 elephants
  A storm dragon simulacrum (Coc:1)
  6 black mambas
  4 rust devils
  An eye of devastation (shapeshifter) (Vaults:5)
  4 molten gargoyles
  A pale draconian zombie (Crypt:1)
  4 titan simulacra
  7 torpor snails
  A centaur skeleton (Tomb:3)
  2 gargoyles (D:14)
  73 smoke demons
  19 cane toads
  2 naga skeletons (Pan)
  An unseen horror (shapeshifter) (D:13)
  2 dire elephant skeletons
  46 orange demons
  30 hellions
  A yaktaur (shapeshifter) (Vaults:5)
  5 rime drakes
  7 freezing wraiths
  A steelbarb worm zombie (Crypt:3)
  6 efreet (Pan)
  4 bunyip simulacra
  37 yaktaurs
  A sea snake skeleton (Crypt:3)
  A mana viper zombie (Crypt:3)
  A sea snake zombie (Hell)
  8 komodo dragons
  9 swamp worm zombies (Crypt:2)
  22 tormentors
  9 ice devils
  6 tengu conjurers (Depths:3)
  A silent spectre (Tar:1)
  A golden dragon simulacrum (Coc:6)
  5 anaconda simulacra
  An iron giant simulacrum (Coc:7)
  9 red devils (Pan)
  2 ancient zymes
  37 guardian mummies
  5 spectral harpies
  3 meliai (Spider:1)
  53 hellwings (Pan)
  9 trolls
  3 bloated husks
  13 hornets
  27 blink frogs
  A harpy skeleton (Pan)
  9 tyrant leeches
  A wind drake (Lair:5)
  6 polar bears
  39 tarantellas
  4 stone giant simulacra
  31 jumping spiders
  An ettin skeleton (Crypt:1)
  19 flying skulls
  A black mamba zombie (Tomb:1)
  26 culicivoras
  A shadow (D:10)
  130 slime creatures
  A wind drake zombie (Crypt:2)
  2 air elementals
  42 ynoxinuls
  57 yaks
  8 wraiths
  A fire dragon skeleton (Pan)
  A culicivora (shapeshifter) (Depths:3)
  8 wyverns
  8 water elementals
  A basilisk (shapeshifter) (D:15)
  9 basilisks
  7 fire elementals
  3 fire bats (Depths:3)
  A yak (shapeshifter) (D:14)
  5 dire elephant simulacra
  Eustachio (D:5)
  6 ushabtiu (Tomb:2)
  11 humans
  2 small abominations
  2 steam dragons
  6 vampire mosquitoes
  28 chaos spawn (Pan)
  28 neqoxecs
  Menkaure (D:7)
  A demonspawn zombie (Crypt:2)
  2 spatial vortices (Abyss:3)
  2 wargs (Vaults:1)
  65 large abominations
  58 redbacks
  15 harpy simulacra
  5 hydra simulacra
  18 swamp worms
  17 water moccasins
  An acid dragon (D:13)
  5 hell hounds (Gauntlet)
  A faun zombie (Crypt:3)
  An acid dragon (shapeshifter) (Vaults:5)
  An ogre skeleton (Vaults:5)
  2 glass eyes (shapeshifter)
  3 glass eyes
  3 swamp drakes (Swamp:4)
  3 sky beasts
  16 orc warriors
  A black bear (Lair:2)
  2 ice beasts
  32 ogres
  4 ettin simulacra
  5 boggarts
  4 centaurs
  2 wolves (Lair:2)
  A swamp dragon skeleton (Crypt:3)
  An elf zombie (Crypt:2)
  3 kobold brigands
  5 earth elementals
  15 bullfrogs
  4 necrophages
  7 scorpions
  3 glowing shapeshifter simulacra
  3 naga simulacra
  2 wyvern zombies (Ossuary)
  3 water moccasin zombies (Ossuary)
  A warg skeleton (Crypt:1)
  16 killer bees
  5 electric eels
  A troll skeleton (Crypt:3)
  7 howler monkeys
  5 bullfrog zombies (Ossuary)
  3 centaur zombies (Ossuary)
  A gnoll bouda (D:9)
  4 hounds
  2 jellies (Lair:5)
  16 orc priests
  57 mummies
  An iguana (D:7)
  7 hell rats
  Natasha (thrice) (D:3)
  22 orc wizards
  A lightning spire (Gauntlet)
  A killer bee zombie (Ossuary)
  8 gnolls
  4 adders
  A steam dragon skeleton (Crypt:2)
  11 shadow imps
  A white imp (D:8)
  A jelly zombie (Crypt:3)
  A worm (D:2)
  4 dart slugs
  48 orcs
  4 ball pythons
  5 bats
  A bat skeleton (Crypt:3)
  14 endoplasms
  5 giant cockroaches
  4 goblins
  5 hobgoblins
  12 jackals
  15 kobolds
  2 quokkas
  A river rat zombie (Crypt:1)
  4 frilled lizards
  A frilled lizard skeleton (Crypt:2)
  A frilled lizard zombie (Crypt:2)
  An orc zombie (Crypt:2)
  7 rats
  2 ballistomycete spores (Pan)
  A butterfly (Lair:1)
  6 creeping infernos
  6 fire vortices
  2 tentacles (Hell)
4269 creatures vanquished.

Vanquished Creatures (collateral kills)
  Asmodeus (Geh:7)
  Ereshkigal (Tar:7)
  5 dread liches
  3 ancient liches
  An orb of fire (Zot:2)
  2 royal mummies (Tomb:1)
  2 shard shrikes
  A Killer Klown (Zot:5)
  10 caustic shrikes
  2 pandemonium lords (Pan)
  A profane servitor (Tar:1)
  3 golden dragons (Zot:4)
  7 bone dragons
  2 Brimstone Fiends (Geh:7)
  6 doom hounds
  4 Tzitzimimeh (Pan)
  7 Ice Fiends
  5 iron giants
  2 hellephants
  4 tainted leviathans
  10 Hell Sentinels
  5 tentacled monstrosities
  6 liches
  20 Orb Guardians (Zot:5)
  A titan (Coc:4)
  3 searing wretches
  3 sphinxes (Tomb:1)
  6 Executioners (Pan)
  2 ancient champions (Dis:3)
  3 storm dragons
  A tengu reaver (Depths:1)
  3 draconian monks
  A deep elf sorcerer (Elf:1)
  5 demonspawn warmongers (Pan)
  A nargun (Coc:7)
  A daeva (Pan)
  2 revenants
  A draconian knight (Zot:3)
  A frost giant (Coc:3)
  A spectral juggernaut (Tar:1)
  3 quicksilver elementals
  6 iron dragons
  15 balrugs
  A fire giant (Geh:2)
  A spectral caustic shrike (Tar:2)
  A shard shrike simulacrum (Coc:7)
  A draconian scorcher (Zot:5)
  6 angels (Pan)
  8 cacodemons (Pan)
  A draconian shifter (Zot:5)
  A draconian annihilator (Zot:4)
  2 very ugly things
  3 war gargoyles
  10 reapers
  6 demonspawn blood saints (Pan)
  A quicksilver ooze (shapeshifter) (Depths:1)
  3 ophanim (Pan)
  2 demonspawn corrupters (Pan)
  7 apis (Pan)
  4 elemental wellsprings
  3 green draconians
  A spectral titan (Tar:1)
  2 deep elf annihilators
  A black draconian (Zot:3)
  8 demonspawn black suns (Pan)
  3 purple draconians
  2 red draconians (Zot:4)
  2 vampire knights
  3 putrid mouths
  2 yellow draconians
  2 white draconians
  4 wendigos
  8 iron golems
  2 eidola (Tar:7)
  2 green deaths (Pan)
  2 blizzard demons (Pan)
  An ettin (Depths:1)
  4 mummy priests
  3 salamander tyrants
  A spectral iron giant (Tar:2)
  3 caustic shrike simulacra
  A ghost crab (Swamp:4)
  A spriggan zombie (Tomb:2)
  A juggernaut simulacrum (Coc:3)
  A hydra (Lair:2)
  A boulder beetle (Spider:3)
  A deep troll earth mage (Depths:1)
  A two-headed ogre (Vaults:4)
  A vampire mage (Crypt:2)
  2 demonic crawlers (Pan)
  9 hell hogs
  17 death scarabs
  A thrashing horror (Abyss:3)
  10 soul eaters
  A deep elf knight (Elf:2)
  A titan skeleton (Tomb:1)
  6 hell knights
  22 sun demons
  A wretched star (Abyss:3)
  5 sixfirhies (Pan)
  2 skeletal warriors
  4 iron trolls (Dis:1)
  3 cherubim (Pan)
  A spriggan simulacrum (Coc:2)
  2 shadow demons (Pan)
  A glowing orange brain (Pan)
  A phantasmal warrior (Depths:1)
  2 necromancers (Crypt:2)
  An ugly thing (Pan)
  2 deep elf zephyrmancers (Elf:3)
  2 deep elf pyromancers
  2 orc knights (Vaults:4)
  3 wolf spiders
  6 moths of wrath
  8 smoke demons
  2 vault sentinels (Vaults:3)
  6 molten gargoyles
  2 rust devils (Pan)
  A dire elephant zombie (Tomb:2)
  7 orange demons (Pan)
  An efreet (Pan)
  2 hellions
  A yaktaur (Vaults:4)
  2 spectral nagas
  A kobold demonologist (D:10)
  12 guardian mummies
  An anaconda simulacrum (Hell)
  10 tormentors
  4 ice devils (Hell)
  2 iron giant simulacra
  A red devil (Pan)
  A spectral harpy (Tar:6)
  2 hellwings (Pan)
  2 hydra zombies (Hell)
  A hornet (Depths:1)
  An alligator simulacrum (Hell)
  2 tarantellas
  A raiju (Gauntlet)
  7 large abominations
  A blink frog (Lair:5)
  A centaur simulacrum (Coc:2)
  2 dire elephant simulacra
  2 naga simulacra
  5 flying skulls
  3 water elementals
  9 ynoxinuls
  5 neqoxecs (Pan)
  3 ushabtiu
  7 chaos spawn (Pan)
  4 redbacks
  A spatial vortex (Abyss:3)
  5 harpy simulacra
  A hydra simulacrum (Hell)
  2 orc warriors (Orc:2)
  An ice beast (D:5)
  An ogre (Orc:2)
  A centaur (D:8)
  A bullfrog (D:7)
  A wyvern zombie (Ossuary)
  3 killer bees
  A jelly (D:5)
  Crazy Yiuf (D:2)
  An iguana (D:5)
  15 mummies
  2 orc wizards
  2 hell rats (Hell)
  2 gnolls (D:5)
  A shadow imp (D:7)
  2 worms
  8 orcs
  A goblin (D:2)
  A jackal (D:5)
  A kobold (D:7)
  28 ballistomycete spores
  A creeping inferno (Geh:3)
  3 fire vortices
610 creatures vanquished.

Vanquished Creatures (others)
  An Ice Fiend (Pan)
  27 eldritch tentacles
  2 thorn hunters (Swamp:4)
  A shard shrike simulacrum (Coc:4)
  A demonspawn blood saint (Pan)
  2 bunyips (Swamp:1)
  A blizzard demon (Pan)
  A shambling mangrove (Swamp:2)
  A salamander tyrant (Geh:7)
  A stoker (Geh:7)
  A two-headed ogre (Orc:2)
  An occultist (Pan)
  A deep elf knight (Elf:1)
  A swamp dragon (Swamp:2)
  2 deep elf zephyrmancers (Elf:1)
  A will-o-the-wisp (Swamp:1)
  An apocalypse crab (Abyss:3)
  A smoke demon (Pan)
  An anaconda simulacrum (Coc:7)
  2 bloated husks
  A hellwing (Pan)
  A jumping spider (shapeshifter) (Depths:4)
  A naga simulacrum (Coc:7)
  A chaos spawn (Pan)
  A swamp drake (Swamp:4)
  A sleepcap (D:7)
  5 ballistomycete spores
  A butterfly (Swamp:1)
  A creeping inferno (Geh:4)
  34 foxfires
  5 tentacles (Hell)
102 creatures vanquished.

Grand Total: 4981 creatures vanquished

Notes
Turn   | Place    | Note
-------+----------+-------------------------------------------
     0 | D:1      | demirab the Gnoll Hedge Wizard began the quest for the Orb.
     0 | D:1      | Reached XP level 1. HP: 13/13 MP: 8/8
     5 | D:1      | Learned a level 1 spell: Slow
   221 | D:1      | Reached XP level 2. HP: 19/19 MP: 8/10
   735 | D:1      | Found a faded altar of an unknown god.
   890 | D:1      | Reached XP level 3. HP: 25/25 MP: 6/11
  1255 | D:1      | Learned a level 2 spell: Blink
  1258 | D:1      | Learned a level 2 spell: Call Imp
  1352 | D:2      | Reached skill level 1 in Invocations
  1639 | D:2      | Reached skill level 1 in Fighting
  1639 | D:2      | Reached skill level 1 in Short Blades
  1639 | D:2      | Reached skill level 1 in Long Blades
  1639 | D:2      | Reached skill level 1 in Axes
  1639 | D:2      | Reached skill level 1 in Maces & Flails
  1639 | D:2      | Reached skill level 1 in Polearms
  1639 | D:2      | Reached skill level 1 in Staves
  1639 | D:2      | Reached skill level 1 in Ranged Weapons
  1639 | D:2      | Reached skill level 1 in Throwing
  1639 | D:2      | Reached skill level 1 in Armour
  1639 | D:2      | Reached skill level 1 in Shields
  1639 | D:2      | Reached skill level 1 in Unarmed Combat
  1639 | D:2      | Reached skill level 1 in Evocations
  1665 | D:2      | Learned a level 3 spell: Mephitic Cloud
  1745 | D:2      | Found a blossoming altar of Fedhas.
  1758 | D:2      | Found a runed translucent door.
  1759 | D:2      | Noticed Crazy Yiuf
  1829 | D:2      | Reached XP level 4. HP: 32/32 MP: 8/13
  1907 | D:2      | Became a worshipper of Fedhas Madash
  2177 | D:2      | Reached skill level 1 in Shapeshifting
  2388 | D:3      | Found a transporter.
  2552 | D:3      | Found a transporter.
  2673 | D:3      | Found Ihuikh's Weapon Shop.
  2681 | D:3      | Bought 3 atropa-tipped darts for 35 gold pieces
  2795 | D:3      | Reached skill level 1 in Hexes
  2795 | D:3      | Reached skill level 1 in Necromancy
  2795 | D:3      | Reached skill level 1 in Transmutations
  2795 | D:3      | Reached skill level 1 in Fire Magic
  2795 | D:3      | Reached skill level 1 in Ice Magic
  2795 | D:3      | Reached skill level 1 in Air Magic
  2795 | D:3      | Reached skill level 1 in Earth Magic
  2795 | D:3      | Reached skill level 1 in Poison Magic
  2845 | D:3      | Found Qacw's Armour Boutique.
  2906 | D:3      | Found Ocotiama's Book Shop.
  2924 | D:3      | Noticed Natasha
  2991 | D:3      | Found Nuejufed's Weapon Shoppe.
  3149 | D:3      | Found Maqio's Magic Scroll Shop.
  3203 | D:3      | Killed Natasha
  3297 | D:3      | Reached * piety under Fedhas
  3426 | D:3      | Reached XP level 5. HP: 32/37 MP: 9/14
  4065 | D:4      | Reached XP level 6. HP: 44/44 MP: 0/16
  4372 | D:4      | Learned a level 2 spell: Cigotuvi's Dreadful Rot
  4409 | D:4      | Reached skill level 5 in Dodging
  4601 | D:5      | Entered Level 5 of the Dungeon
  4778 | D:5      | Noticed Eustachio
  4944 | D:5      | Noticed Sigmund
  4945 | D:5      | Sigmund changed into Sigmund the rat
  4945 | D:5      | Noticed Sigmund
  4946 | D:5      | Killed Sigmund the rat
  4978 | D:5      | Noticed an ice beast
  5027 | D:5      | Found a snail-covered altar of Cheibriados.
  5147 | D:5      | Found a shimmering blue altar of Sif Muna.
  5481 | D:5      | Found Raelil's Armour Shop.
  5507 | D:5      | Reached ** piety under Fedhas
  5611 | D:3      | Bought a book of Geomancy for 198 gold pieces
  5614 | D:3      | Learned a level 2 spell: Passwall
  5618 | D:3      | Learned a level 3 spell: Stone Arrow
  5666 | D:5      | Upgraded the game from 0.31-a0-631-g285b096dc4 to
                  | 0.31-a0-640-g39d97e502b
  5689 | D:5      | Reached XP level 7. HP: 49/50 MP: 12/18
  6380 | D:6      | Reached skill level 5 in Stealth
  6689 | D:6      | Reached XP level 8. HP: 55/57 MP: 0/19
  7115 | D:7      | Found Kasat's Antique Weapon Boutique.
  7197 | D:7      | Noticed Menkaure
  8062 | D:7      | Killed Menkaure
  8256 | D:7      | Found a staircase to the Ecumenical Temple.
  8279 | D:7      | Identified the +0 pair of boots of Watchfulness {Dex+4}
  8298 | Temple   | Entered the Ecumenical Temple
  8995 | D:7      | Reached XP level 9. HP: 65/65 MP: 21/21
  9021 | D:7      | Found a broken altar of Ashenzari.
  9480 | D:3      | Reached *** piety under Fedhas
  9493 | D:3      | Noticed Natasha
  9496 | D:3      | Killed Natasha
  9531 | D:3      | Bought a scroll of blinking for 97 gold pieces
  9531 | D:3      | Bought a scroll of identify for 26 gold pieces
  9531 | D:3      | Bought a scroll of identify for 26 gold pieces
  9656 | D:3      | Noticed Natasha
  9661 | D:3      | Killed Natasha
  9695 | D:2      | Killed Crazy Yiuf
  9892 | D:8      | Noticed a two-headed ogre
  9990 | D:8      | Found a sand-covered staircase.
  9994 | Ossuary  | Entered an ossuary
 10241 | Ossuary  | Reached skill level 5 in Invocations
 10420 | Ossuary  | Reached **** piety under Fedhas
 10905 | D:3      | Bought a scroll of identify for 26 gold pieces
 11165 | D:3      | Bought a scroll of identify for 26 gold pieces
 11346 | D:8      | Reached XP level 10. HP: 25/73 MP: 11/22
 11586 | D:8      | Found a runed translucent gate.
 11586 | D:8      | Found a runed translucent gate.
 11586 | D:8      | Found a runed translucent gate.
 11587 | D:8      | Found an opulent altar of Gozag.
 11590 | D:8      | Noticed HoaS's ghost (novice GrHu)
 11607 | D:8      | Noticed a centaur warrior
 11698 | D:8      | Reached skill level 5 in Fighting
 11698 | D:8      | Reached skill level 5 in Short Blades
 11698 | D:8      | Reached skill level 5 in Long Blades
 11698 | D:8      | Reached skill level 5 in Axes
 11698 | D:8      | Reached skill level 5 in Maces & Flails
 11698 | D:8      | Reached skill level 5 in Polearms
 11698 | D:8      | Reached skill level 5 in Staves
 11698 | D:8      | Reached skill level 5 in Ranged Weapons
 11698 | D:8      | Reached skill level 5 in Throwing
 11698 | D:8      | Reached skill level 5 in Armour
 11698 | D:8      | Reached skill level 5 in Shields
 11698 | D:8      | Reached skill level 5 in Unarmed Combat
 11698 | D:8      | Reached skill level 5 in Evocations
 12167 | D:8      | Killed a two-headed ogre
 12330 | D:9      | Found a staircase to the Orcish Mines.
 12478 | D:9      | Found a runed translucent door.
 12479 | D:9      | Noticed WhatIsLove's ghost (novice HOMo)
 12507 | D:9      | Noticed a two-headed ogre
 12672 | D:9      | Noticed a cyclops
 12764 | D:9      | Reached skill level 5 in Conjurations
 12764 | D:9      | Reached skill level 5 in Summonings
 12764 | D:9      | Reached skill level 5 in Translocations
 12822 | D:9      | Identified the +1 leather armour of Oditun {Str+3}
 12870 | D:9      | Noticed a two-headed ogre
 12922 | D:9      | Killed a two-headed ogre
 12923 | D:9      | Reached skill level 5 in Shapeshifting
 12958 | D:9      | Noticed a two-headed ogre
 13018 | D:9      | Killed a two-headed ogre
 13101 | D:9      | Reached XP level 11. HP: 81/81 MP: 10/24
 13271 | D:8      | Reached skill level 5 in Hexes
 13271 | D:8      | Reached skill level 5 in Necromancy
 13271 | D:8      | Reached skill level 5 in Transmutations
 13271 | D:8      | Reached skill level 5 in Fire Magic
 13271 | D:8      | Reached skill level 5 in Ice Magic
 13271 | D:8      | Reached skill level 5 in Air Magic
 13271 | D:8      | Reached skill level 5 in Earth Magic
 13271 | D:8      | Reached skill level 5 in Poison Magic
 13535 | D:9      | Noticed a two-headed ogre
 13553 | D:9      | Killed a two-headed ogre
 13859 | D:9      | Killed a cyclops
 13962 | D:9      | Noticed a boulder beetle
 13965 | D:9      | Noticed a manticore
 13987 | D:9      | Killed a manticore
 13992 | D:9      | Killed a boulder beetle
 14068 | D:9      | Noticed a cyan ugly thing
 14124 | D:9      | Killed a cyan ugly thing
 14124 | D:9      | Reached ***** piety under Fedhas
 14225 | D:9      | Identified the +5 ring mail of the Turtledove {Regen+ Str+3
                  | Slay+3}
 14331 | D:9      | Noticed a deep elf pyromancer
 14682 | D:9      | Identified the ring of Paumn {rN+ Str+3}
 14682 | D:9      | Noticed a deep elf pyromancer
 14751 | D:9      | Learned a level 3 spell: Dazzling Flash
 14893 | D:9      | Killed a deep elf pyromancer
 14931 | D:9      | Killed a deep elf pyromancer
 15167 | D:3      | Bought a scroll of teleportation for 39 gold pieces
 15275 | D:5      | Killed Eustachio
 15578 | D:9      | Killed a two-headed ogre
 15579 | D:9      | Reached skill level 10 in Spellcasting
 15981 | D:9      | Upgraded the game from 0.31-a0-640-g39d97e502b to
                  | 0.31-a0-654-gbe3e110b4e
 15982 | D:10     | Entered Level 10 of the Dungeon
 16009 | D:9      | Reached XP level 12. HP: 63/89 MP: 11/26
 16154 | D:10     | Learned a level 2 spell: Ensorcelled Hibernation
 16442 | D:10     | Found a large runed translucent door.
 16443 | D:10     | Found a large runed translucent door.
 16918 | D:10     | Learned a level 5 spell: Yara's Violent Unravelling
 17417 | D:10     | Found a hide-covered altar of Uskayaw.
 17420 | D:10     | Found a hazy altar of Hepliaklqana.
 17584 | D:11     | Found a gate leading to a gauntlet.
 17593 | Gauntlet | Entered a Gauntlet
 17593 | Gauntlet | Found a transporter.
 17596 | Gauntlet | Found a transporter.
 17611 | Gauntlet | Found a transporter.
 17615 | Gauntlet | Found a transporter.
 17631 | Gauntlet | Found a transporter.
 17644 | Gauntlet | Noticed a reaper
 17645 | Gauntlet | Found a transporter.
 17648 | Gauntlet | Found a transporter.
 17652 | Gauntlet | Found a transporter.
 17669 | Gauntlet | Found a transporter.
 17686 | Gauntlet | Found a transporter.
 17691 | Gauntlet | Found a transporter.
 17701 | Gauntlet | Found a transporter.
 17855 | Gauntlet | Identified the +2 cloak "Ituabb" {rElec Will++}
 18199 | Gauntlet | Noticed a minotaur
 18238 | Gauntlet | Killed a minotaur
 18258 | Gauntlet | Upgraded the game from 0.31-a0-654-gbe3e110b4e to
                  | 0.31-a0-656-gb4d89c20fa
 18413 | Gauntlet | Identified the +0 hat of Makhleb, Sharing {*Slow Int+5}
 18617 | Gauntlet | Killed a reaper
 19207 | D:11     | Noticed a two-headed ogre
 19249 | D:11     | Found a staircase to the Lair.
 19294 | D:11     | Upgraded the game from 0.31-a0-656-gb4d89c20fa to
                  | 0.31-a0-662-g684573625c
 19712 | D:11     | Killed a two-headed ogre
 19824 | D:11     | Noticed a two-headed ogre
 19837 | D:11     | Killed a two-headed ogre
 19894 | D:11     | Found Plog's Antique Armour Shoppe.
 19937 | D:11     | Reached XP level 13. HP: 98/98 MP: 27/27
 20119 | Lair:1   | Entered Level 1 of the Lair of Beasts
 20913 | Lair:1   | You fall into a shaft and drop 1 floor!
 21525 | Lair:1   | Got Cije's Even Beginners Can Use Witchery!
 21638 | Lair:1   | Found a blossoming altar of Fedhas.
 22630 | Lair:2   | Found a hole to the Spider Nest.
 22925 | Lair:2   | a boulder beetle changed into an ettin
 22925 | Lair:2   | Noticed an ettin
 22956 | Lair:2   | Killed an ettin
 23091 | Lair:2   | Reached skill level 10 in Dodging
 23672 | Lair:2   | Learned a level 5 spell: Silence
 23860 | Lair:3   | Identified the +3 long sword "Lifebane" {freeze, rPois
                  | Str+3}
 23996 | Lair:3   | Reached ****** piety under Fedhas
 24081 | Lair:3   | Reached XP level 14. HP: 108/108 MP: 17/29
 24372 | Lair:3   | Reached skill level 10 in Stealth
 24744 | Lair:3   | Found a staircase to the Swamp.
 25177 | Lair:4   | Reached skill level 10 in Invocations
 26016 | Lair:5   | Entered Level 5 of the Lair of Beasts
 26336 | Lair:5   | Noticed Urug
 26345 | Lair:5   | Killed Urug
 26867 | Lair:5   | Found a viscous altar of Jiyva.
 26879 | Lair:5   | Found a staircase to the Slime Pits.
 27592 | Lair:5   | Upgraded the game from 0.31-a0-662-g684573625c to
                  | 0.31-a0-664-g902f515a81
 27852 | Lair:5   | Reached XP level 15. HP: 115/115 MP: 29/31
 28570 | D:3      | Bought a book of Spatial Translocations for 198 gold pieces
 28573 | D:3      | Learned a level 2 spell: Lesser Beckoning
 28673 | Orc:1    | Entered Level 1 of the Orcish Mines
 28738 | Orc:1    | Reached skill level 10 in Fighting
 28738 | Orc:1    | Reached skill level 10 in Short Blades
 28738 | Orc:1    | Reached skill level 10 in Long Blades
 28738 | Orc:1    | Reached skill level 10 in Axes
 28738 | Orc:1    | Reached skill level 10 in Maces & Flails
 28738 | Orc:1    | Reached skill level 10 in Polearms
 28738 | Orc:1    | Reached skill level 10 in Staves
 28738 | Orc:1    | Reached skill level 10 in Ranged Weapons
 28738 | Orc:1    | Reached skill level 10 in Throwing
 28738 | Orc:1    | Reached skill level 10 in Armour
 28738 | Orc:1    | Reached skill level 10 in Shields
 28738 | Orc:1    | Reached skill level 10 in Unarmed Combat
 28738 | Orc:1    | Reached skill level 10 in Evocations
 28846 | Orc:2    | Entered Level 2 of the Orcish Mines
 29033 | Orc:2    | Found .
 29136 | D:3      | Bought 4 poisoned darts for 33 gold pieces
 29250 | D:8      | Killed HoaS's ghost
 29584 | Orc:2    | Found Hurr's General Store.
 29712 | Orc:2    | Found a staircase to the Elven Halls.
 29748 | Orc:2    | Found Fofiyzeg's Antique Weapon Shoppe.
 29748 | Orc:2    | Found Ugesuach's Antique Armour Shop.
 29748 | Orc:2    | Found Zicveh's Weapon Boutique.
 29748 | Orc:2    | Found Meuphaz's Antique Armour Shoppe.
 30063 | Orc:2    | Bought 5 atropa-tipped darts for 63 gold pieces
 30210 | Orc:2    | Bought a pair of glowing gloves for 150 gold pieces
 30361 | Orc:1    | Found Poejupp's Distillery.
 30426 | Orc:1    | Found Jieqom Abli's Weapon Boutique.
 30432 | Orc:1    | Bought a throwing net for 48 gold pieces
 30432 | Orc:1    | Bought 6 darts of dispersal for 86 gold pieces
 30528 | Orc:1    | Bought a potion of brilliance for 68 gold pieces
 30528 | Orc:1    | Bought a potion of ambrosia for 136 gold pieces
 30528 | Orc:1    | Bought a potion of curing for 51 gold pieces
 30528 | Orc:1    | Bought a potion of curing for 51 gold pieces
 31076 | Orc:1    | Found a shimmering blue altar of Sif Muna.
 31224 | Orc:2    | Bought a potion of might for 44 gold pieces
 31250 | Orc:2    | Bought 4 javelins for 168 gold pieces
 31326 | D:9      | Killed WhatIsLove's ghost
 31342 | D:9      | Upgraded the game from 0.31-a0-664-g902f515a81 to
                  | 0.31-a0-667-g39726597b9
 33399 | D:13     | Noticed Rupert
 33504 | D:13     | Reached XP level 16. HP: 121/124 MP: 32/32
 33886 | D:13     | Killed Rupert
 34123 | D:14     | Noticed Lodul
 34152 | D:14     | Noticed Roxanne
 34253 | D:14     | Noticed Nessos
 34258 | D:14     | Killed Nessos
 34259 | D:14     | Reached skill level 10 in Shapeshifting
 34377 | D:14     | Found the +10 dark maul {heavy}
 34399 | D:14     | Noticed Agnes
 34622 | D:3      | Bought Great Wizards, Vol. II for 418 gold pieces
 34628 | D:3      | Learned a level 5 spell: Borgnjor's Vile Clutch
 34848 | D:14     | Found the +27 heavy crossbow "Sniper" {heavy, Acc+∞ SInv}
 35570 | D:13     | Killed Lodul
 35710 | D:14     | Killed Agnes
 36441 | D:14     | Killed Roxanne
 36642 | D:14     | Found a gate to the Vaults.
 36679 | D:14     | Upgraded the game from 0.31-a0-667-g39726597b9 to
                  | 0.31-a0-675-g238779eb0a
 36680 | D:15     | Entered Level 15 of the Dungeon
 37494 | D:15     | Found a staircase to the Depths.
 38208 | Swamp:1  | Entered Level 1 of the Swamp
 38853 | Swamp:1  | Noticed a fenstrider witch
 38863 | Swamp:1  | Killed a fenstrider witch
 39044 | Swamp:1  | Reached skill level 10 in Conjurations
 39044 | Swamp:1  | Reached skill level 10 in Summonings
 39044 | Swamp:1  | Reached skill level 10 in Translocations
 39151 | Swamp:1  | Reached XP level 17. HP: 131/131 MP: 28/34
 40177 | Swamp:1  | Upgraded the game from 0.31-a0-675-g238779eb0a to
                  | 0.31-a0-691-g409c26aa35
 40972 | Swamp:2  | Found a runed translucent door.
 41405 | Swamp:2  | Learned a level 4 spell: Olgreb's Toxic Radiance
 41645 | Swamp:3  | Identified the ring of Zerot {rF++ rC+}
 41676 | Swamp:3  | Reached skill level 10 in Hexes
 41676 | Swamp:3  | Reached skill level 10 in Necromancy
 41676 | Swamp:3  | Reached skill level 10 in Transmutations
 41676 | Swamp:3  | Reached skill level 10 in Fire Magic
 41676 | Swamp:3  | Reached skill level 10 in Ice Magic
 41676 | Swamp:3  | Reached skill level 10 in Air Magic
 41676 | Swamp:3  | Reached skill level 10 in Earth Magic
 41676 | Swamp:3  | Reached skill level 10 in Poison Magic
 42875 | Spider:1 | Entered Level 1 of the Spider Nest
 42879 | Spider:1 | Noticed Nikola
 43957 | Spider:1 | Killed Nikola
 44643 | Spider:2 | Reached XP level 18. HP: 138/140 MP: 24/36
 46361 | Spider:3 | Noticed Arachne
 46510 | Spider:3 | Noticed Mara
 46832 | Spider:3 | Killed Arachne
 46986 | Spider:3 | Upgraded the game from 0.31-a0-691-g409c26aa35 to
                  | 0.31-a0-700-gf13585253f
 47228 | Swamp:4  | Entered Level 4 of the Swamp
 49075 | Swamp:4  | Noticed the 27-headed Lernaean hydra
 49085 | Swamp:4  | Killed the 27-headed Lernaean hydra
 49094 | Swamp:4  | Reached XP level 19. HP: 149/149 MP: 17/37
 49268 | Swamp:4  | Got a decaying rune of Zot
 49514 | Swamp:4  | Learned a level 5 spell: Lee's Rapid Deconstruction
 50566 | Vaults:1 | Entered Level 1 of the Vaults
 52157 | Vaults:1 | Noticed Saint Roka
 52187 | Vaults:1 | Killed Saint Roka
 52188 | Vaults:1 | Reached skill level 15 in Spellcasting
 53630 | Vaults:1 | Upgraded the game from 0.31-a0-700-gf13585253f to
                  | 0.31-a0-702-gf82c85558f
 53934 | Spider:4 | Entered Level 4 of the Spider Nest
 55678 | Spider:4 | Reached XP level 20. HP: 158/158 MP: 13/39
 56239 | Spider:4 | Got a gossamer rune of Zot
 56999 | Vaults:2 | Found a flickering gateway to a bazaar.
 57019 | Bazaar   | Entered a bazaar
 57021 | Bazaar   | Found Unkor's Book Boutique.
 57025 | Bazaar   | Found Sobung's Book Boutique.
 57025 | Bazaar   | Found Coerch Biecku's Jewellery Boutique.
 57026 | Bazaar   | Found Duecvoli's Weapon Boutique.
 57040 | Bazaar   | Bought the ring "Omulum" {rPois rF+ AC+4 Str+2} for 934
                  | gold pieces
 57060 | Bazaar   | Bought the Unrestrained Analects for 828 gold pieces
 57072 | Bazaar   | Upgraded the game from 0.31-a0-702-gf82c85558f to
                  | 0.31-a0-875-g02e7d12df6
 57452 | Vaults:2 | Reached skill level 15 in Invocations
 57770 | Vaults:2 | Paralysed by a formless jellyfish for 1 turns
 59085 | Vaults:2 | Paralysed by a formless jellyfish for 1 turns
 59405 | Vaults:2 | Learned a level 4 spell: Summon Lightning Spire
 59559 | Vaults:2 | Found a staircase to the Crypt.
 60488 | Vaults:3 | Paralysed by a formless jellyfish for 1 turns
 60542 | Vaults:3 | Identified the +4 shortbow "Ownow" {heavy, *Corrode Str+2
                  | Stlth+}
 61363 | Vaults:3 | Reached skill level 15 in Dodging
 61847 | Vaults:3 | Reached XP level 21. HP: 166/166 MP: 25/40
 62662 | Vaults:3 | Upgraded the game from 0.31-a0-875-g02e7d12df6 to
                  | 0.31-a0-876-gfe8ebadbca
 62814 | Vaults:4 | Reached skill level 15 in Stealth
 64854 | Elf:1    | Entered Level 1 of the Elven Halls
 67323 | Elf:2    | Reached skill level 15 in Fighting
 67323 | Elf:2    | Reached skill level 15 in Short Blades
 67323 | Elf:2    | Reached skill level 15 in Long Blades
 67323 | Elf:2    | Reached skill level 15 in Axes
 67323 | Elf:2    | Reached skill level 15 in Maces & Flails
 67323 | Elf:2    | Reached skill level 15 in Polearms
 67323 | Elf:2    | Reached skill level 15 in Staves
 67323 | Elf:2    | Reached skill level 15 in Ranged Weapons
 67323 | Elf:2    | Reached skill level 15 in Throwing
 67323 | Elf:2    | Reached skill level 15 in Armour
 67323 | Elf:2    | Reached skill level 15 in Shields
 67323 | Elf:2    | Reached skill level 15 in Unarmed Combat
 67323 | Elf:2    | Reached skill level 15 in Evocations
 67432 | Elf:2    | Found a runed translucent gate.
 67433 | Elf:2    | Found a runed translucent gate.
 67433 | Elf:2    | Found a runed translucent gate.
 67806 | Elf:2    | Reached XP level 22. HP: 175/175 MP: 36/42
 69191 | Elf:2    | Noticed Norris
 69797 | Elf:2    | Killed Norris
 70214 | Elf:2    | Upgraded the game from 0.31-a0-876-gfe8ebadbca to
                  | 0.31-a0-879-g1609e0ac53
 70478 | Depths:1 | Entered Level 1 of the Depths
 70478 | Depths:1 | Noticed Bai Suzhen
 70790 | Elf:3    | Entered Level 3 of the Elven Halls
 71531 | Elf:3    | Noticed Asterion
 71538 | Elf:3    | Killed Asterion
 71765 | Elf:3    | Found Jeoriec's Distillery.
 71782 | Elf:3    | Paralysed by an air elemental for 1 turns
 73041 | Elf:3    | Identified the staff of a wizard's laboratory {Fly rPois
                  | Earth}
 73283 | Elf:3    | Identified the +4 flail "Yssuz" {freeze, rPois rF+ Int+3
                  | Stlth+}
 73283 | Elf:3    | Identified the +3 ring mail "Fubruohy" {Str+3}
 73341 | Elf:3    | Identified the +1 dire flail "Cukan" {drain, rElec rPois}
 74126 | Elf:3    | Got a peculiar book
 74167 | Elf:3    | Identified the +8 arbalest of Qireone {drain, Str+2}
 74170 | Elf:3    | Identified the +2 plate armour "Coaqo Kil" {+Inv Slay+2}
 74174 | Elf:3    | Got a thrumming book
 74177 | Elf:3    | Got a vibrating book
 74411 | Elf:3    | Learned a level 5 spell: Freezing Cloud
 74416 | Elf:3    | Learned a level 4 spell: Dispel Undead
 75058 | D:15     | Killed Bai Suzhen
 75897 | Depths:1 | Reached XP level 23. HP: 183/183 MP: 36/44
 76160 | Depths:1 | Upgraded the game from 0.31-a0-879-g1609e0ac53 to
                  | 0.31-a0-881-ge136f0c47a
 76369 | Depths:1 | Got a well-preserved book
 76773 | Depths:1 | Identified the +3 ring mail of Plog {Int+3 Stlth+}
 76873 | Depths:1 | Noticed a caustic shrike
 76887 | Depths:1 | Killed a caustic shrike
 78041 | Depths:1 | Found Detruu's Evil Emporium.
 78043 | Depths:1 | Found a gateway to Hell.
 78143 | Depths:1 | Found a corrupted altar of Lugonu.
 78144 | Depths:1 | Found a one-way gate to the infinite horrors of the Abyss.
 78202 | Depths:1 | Identified the +5 dagger of Ascent {antimagic, Int+6}
 78938 | Depths:2 | Found Wosax's Book Shop.
 79510 | Depths:2 | Found Woazoch's Armour Boutique.
 79580 | Depths:2 | Bought a +2 pair of gloves of hurling for 408 gold pieces
 79970 | Depths:2 | Bought a manual of Fighting for 1120 gold pieces
 80121 | Depths:2 | Found a one-way gate leading to the halls of Pandemonium.
 81217 | Depths:2 | Upgraded the game from 0.31-a0-881-ge136f0c47a to
                  | 0.31-a0-889-g1a8549509d
 81228 | Depths:3 | Reached skill level 15 in Shapeshifting
 81338 | Depths:3 | Identified the +1 chain mail "Ymakk" {-Cast rF+ Str+3
                  | Dex+2}
 81486 | Depths:3 | Noticed a caustic shrike
 81486 | Depths:3 | Noticed a caustic shrike
 82088 | Depths:3 | Noticed a caustic shrike
 82095 | Depths:3 | Noticed a caustic shrike
 82126 | Depths:3 | Killed a caustic shrike
 82251 | Depths:3 | Killed a caustic shrike
 82385 | Depths:3 | Reached XP level 24. HP: 193/193 MP: 7/44
 82443 | Depths:3 | Learned a level 4 spell: Manifold Assault
 82478 | Depths:3 | Killed a caustic shrike
 82836 | Depths:3 | Killed a caustic shrike
 83159 | Depths:3 | Identified the +6 demon trident of Sanunwou {freeze, rF+}
 83690 | Depths:4 | Entered Level 4 of the Depths
 83690 | Depths:4 | Identified the ring of Kaahud {Ice rElec rN++ Dex-3}
 83690 | Depths:4 | Noticed Josephina
 84216 | Depths:4 | Noticed Boris
 84247 | Depths:4 | Killed Boris
 84799 | Depths:4 | Found a radiant altar of Vehumet.
 85140 | Depths:4 | Killed Josephina
 86762 | Depths:4 | Found a gate to the Realm of Zot.
 86808 | Depths:4 | Found a one-way gateway to a ziggurat.
 86989 | Depths:4 | Upgraded the game from 0.31-a0-889-g1a8549509d to
                  | 0.31-a0-920-g28cbb04a8c
 87286 | Crypt:1  | Entered Level 1 of the Crypt
 87473 | Crypt:1  | Noticed Margery
 87603 | Crypt:1  | Killed Margery
 88083 | Crypt:1  | Got an odd book
 89049 | Crypt:2  | Found a transporter.
 89050 | Crypt:2  | Found a radiant altar of Vehumet.
 90039 | Crypt:2  | Noticed an ancient lich
 90060 | Crypt:2  | Killed an ancient lich
 90061 | Crypt:2  | Reached XP level 25. HP: 200/203 MP: 45/45
 91038 | Crypt:2  | Identified the ring "Heud" {rElec rF- Str+6 Int+2}
 91146 | Crypt:2  | Found a transporter.
 91288 | Crypt:2  | Upgraded the game from 0.31-a0-920-g28cbb04a8c to
                  | 0.31-a0-925-g0a390f2509
 91289 | Crypt:3  | Entered Level 3 of the Crypt
 91877 | Crypt:2  | Found an ancient bone altar of Kikubaaqudgha.
 91972 | Crypt:3  | Found a huge runed gate.
 91972 | Crypt:3  | Found a huge runed gate.
 91972 | Crypt:3  | Found a huge runed gate.
 91972 | Crypt:3  | Found a huge runed gate.
 91972 | Crypt:3  | Found a huge runed gate.
 91972 | Crypt:3  | Found a huge runed gate.
 91972 | Crypt:3  | Found a huge runed gate.
 91972 | Crypt:3  | Found a huge runed gate.
 92059 | Crypt:3  | Found a huge runed gate.
 92059 | Crypt:3  | Found a huge runed gate.
 92085 | Crypt:3  | Found a huge runed gate.
 92085 | Crypt:3  | Found a huge runed gate.
 92086 | Crypt:3  | Found a huge runed gate.
 92109 | Crypt:3  | Found a huge runed gate.
 92110 | Crypt:3  | Found a huge runed gate.
 92111 | Crypt:3  | Found a huge runed gate.
 92192 | Crypt:3  | Found a huge runed gate.
 92193 | Crypt:3  | Found a huge runed gate.
 92194 | Crypt:3  | Found a huge runed gate.
 92195 | Crypt:3  | Found a huge runed gate.
 92196 | Crypt:3  | Found a huge runed gate.
 92223 | Crypt:3  | Found a huge runed gate.
 92223 | Crypt:3  | Found a huge runed gate.
 92223 | Crypt:3  | Found a huge runed gate.
 92223 | Crypt:3  | Found a huge runed gate.
 92223 | Crypt:3  | Found a huge runed gate.
 92224 | Crypt:3  | Found a huge runed gate.
 92225 | Crypt:3  | Found a huge runed gate.
 92842 | Crypt:3  | Found a huge runed gate.
 92842 | Crypt:3  | Found a huge runed gate.
 92842 | Crypt:3  | Found a huge runed gate.
 92842 | Crypt:3  | Found a huge runed gate.
 92842 | Crypt:3  | Found a huge runed gate.
 92844 | Crypt:3  | Found a huge runed gate.
 92849 | Crypt:3  | Found a huge runed gate.
 92849 | Crypt:3  | Found a huge runed gate.
 93325 | Crypt:3  | Identified the +6 sling "Transmigrator" {flame, rPois rC-
                  | Int+9}
 94475 | Crypt:3  | Noticed a dread lich
 94476 | Crypt:3  | Noticed a dread lich
 94476 | Crypt:3  | Noticed an ancient lich
 95349 | Crypt:3  | Killed a dread lich
 95385 | Crypt:3  | Killed an ancient lich
 95402 | Crypt:3  | Identified the +1 scale mail "Fiwuexenk" {rElec rPois
                  | Will+}
 95411 | Crypt:3  | Killed a dread lich
 95450 | Crypt:3  | Got an embossed book
 95455 | Crypt:3  | Identified the +8 halberd "Nup Nouph" {freeze, rC+ Will+
                  | SInv}
 95457 | Crypt:3  | Identified the ring "Bagith" {+Blink Fly}
 95458 | Crypt:3  | Identified the +3 plate armour "Jykkyen" {Str+3}
 95924 | Spider:3 | Killed Mara
 96300 | D:3      | Bought the +9 glaive "Ruttariq" {freeze, rC- rN+++ rCorr
                  | Str+2} for 1137 gold pieces
 96572 | Depths:1 | Upgraded the game from 0.31-a0-925-g0a390f2509 to
                  | 0.31-a0-931-g7b59d4eb97
 96600 | Depths:1 | Learned a level 5 spell: Fireball
 97039 | Slime:1  | Entered Level 1 of the Pits of Slime
 97110 | Slime:1  | Reached skill level 15 in Conjurations
 97110 | Slime:1  | Reached skill level 15 in Summonings
 97110 | Slime:1  | Reached skill level 15 in Translocations
 97997 | Slime:1  | Gained mutation: You are clumsy. (Dex -2) [a shining eye]
 97998 | Slime:1  | Gained mutation: Your spells are a little easier to cast,
                  | but a little less powerful. [a shining eye]
100393 | Slime:4  | Gained mutation: You sometimes lose your temper in combat.
                  | [a shining eye]
101242 | Slime:4  | Reached skill level 15 in Hexes
101242 | Slime:4  | Reached skill level 15 in Necromancy
101242 | Slime:4  | Reached skill level 15 in Transmutations
101242 | Slime:4  | Reached skill level 15 in Fire Magic
101242 | Slime:4  | Reached skill level 15 in Ice Magic
101242 | Slime:4  | Reached skill level 15 in Air Magic
101242 | Slime:4  | Reached skill level 15 in Earth Magic
101242 | Slime:4  | Reached skill level 15 in Poison Magic
101374 | Slime:5  | Entered Level 5 of the Pits of Slime
101480 | Slime:5  | Gained mutation: You occasionally lose the ability to drink
                  | potions when taking damage. [a shining eye]
101518 | Slime:5  | Lost mutation: You occasionally lose the ability to drink
                  | potions when taking damage. [potion of mutation]
101518 | Slime:5  | Lost mutation: You sometimes lose your temper in combat.
                  | [potion of mutation]
101518 | Slime:5  | Lost mutation: Your spells are a little easier to cast, but
                  | a little less powerful. [potion of mutation]
101518 | Slime:5  | Gained mutation: Your spells are a little easier to cast,
                  | but a little less powerful. [potion of mutation]
101518 | Slime:5  | Lost mutation: You are clumsy. (Dex -2) [potion of
                  | mutation]
101742 | Slime:5  | Noticed the Royal Jelly
101752 | Slime:5  | Killed the Royal Jelly
101753 | Slime:5  | Reached XP level 26. HP: 193/215 MP: 33/45
103037 | Slime:5  | Identified the +4 ring mail of the Original Sin {Str+3
                  | SInv}
103117 | Slime:5  | Paralysed by a formless jellyfish for 1 turns
103172 | Slime:5  | Identified the +9 rapier of Duty {freeze, Fly rN++ rCorr
                  | Int-5}
103175 | Slime:5  | Identified the staff of the End of Times {rF+ rC+ rCorr
                  | Int-2 SInv Ice}
103181 | Slime:5  | Got a slimy rune of Zot
103211 | Slime:5  | Identified the +6 morningstar "Jiezxaupho" {heavy, Fly
                  | rPois rC+}
103249 | Slime:5  | Identified the +6 quarterstaff "Amuecukk" {freeze, rN+
                  | Dex+3}
103252 | Slime:5  | Identified the +0 chain mail of Idealism {Str+6}
103959 | Slime:4  | Gained mutation: Your spells are easier to cast, but less
                  | powerful. [a shining eye]
104733 | Depths:4 | Upgraded the game from 0.31-a0-931-g7b59d4eb97 to
                  | 0.31-a0-940-gdaa99269f9
104735 | Zot:1    | Entered Level 1 of the Realm of Zot
104858 | Zot:1    | Found a hazy altar of Hepliaklqana.
104892 | Zot:1    | You fall into a shaft and drop 1 floor!
105319 | Zot:1    | Found a shadowy altar of Dithmenos.
108205 | Vaults:5 | Entered Level 5 of the Vaults
108417 | Vaults:5 | Noticed an ancient lich
108529 | Vaults:5 | Killed an ancient lich
108606 | Vaults:5 | Found Wolil's Distillery.
108954 | Vaults:5 | Found Mexolavo's Distillery.
108986 | Vaults:5 | Found Guiruecho's Magic Scroll Shoppe.
108997 | Vaults:5 | Found Hupezu's Magic Scroll Boutique.
109044 | Vaults:5 | Reached XP level 27. HP: 224/224 MP: 40/46
109069 | Vaults:5 | Found Jetuymni's Magic Scroll Boutique.
109091 | Vaults:5 | Found Ymeczu's Distillery.
109574 | Vaults:5 | Found Horhomeul's Magic Scroll Shop.
109617 | Vaults:5 | Got a silver rune of Zot
109621 | Vaults:5 | Bought a scroll of blinking for 112 gold pieces
110647 | Vaults:5 | Found Mimygg's Magic Scroll Boutique.
110652 | Vaults:5 | Bought a scroll of blinking for 82 gold pieces
110654 | Vaults:5 | Found Xurun's Jewellery Shoppe.
110691 | Vaults:5 | Found Kipn's Jewellery Shoppe.
110728 | Vaults:5 | Found Neczes's Magic Scroll Shoppe.
111465 | Vaults:5 | Learned a level 7 spell: Spellforged Servitor
111474 | Vaults:5 | Learned a level 8 spell: Lehudib's Crystal Spear
111826 | Zot:1    | Upgraded the game from 0.31-a0-940-gdaa99269f9 to
                  | 0.31-a0-948-gf5be29c462
112165 | Vaults:5 | Bought a ring of wizardry for 660 gold pieces
114170 | Zot:2    | Noticed an orb of fire
114416 | Zot:2    | Gained mutation: Potions are less effective at restoring
                  | your health. [an orb of fire]
114418 | Zot:2    | Killed an orb of fire
120079 | Zot:1    | Identified a scroll of acquirement
120081 | Zot:1    | Identified the "Monad" (You acquired it on level 1 of the
                  | Realm of Zot)
120081 | Zot:1    | Acquired Ytrophekka's Opusculum on Non-Euclidean Attendants
120401 | Depths:4 | Voluntarily entered the Abyss.
120401 | Abyss:1  | Found a corrupted altar of Lugonu.
120406 | Abyss:1  | Found a corrupted altar of Lugonu.
120432 | Abyss:2  | Found a corrupted altar of Lugonu.
120441 | Abyss:2  | Found a corrupted altar of Lugonu.
120441 | Abyss:2  | Found a corrupted altar of Lugonu.
120475 | Abyss:2  | Found a corrupted altar of Lugonu.
120518 | Abyss:2  | Found a corrupted altar of Lugonu.
120520 | Abyss:2  | Found a corrupted altar of Lugonu.
120520 | Abyss:2  | Found a corrupted altar of Lugonu.
120578 | Abyss:2  | Found a candlelit altar of Ignis.
120649 | Abyss:3  | Found a corrupted altar of Lugonu.
120740 | Abyss:3  | Found a blossoming altar of Fedhas.
120810 | Abyss:3  | Got an abyssal rune of Zot
120844 | Depths:4 | Escaped the Abyss
120859 | Depths:4 | Learned a level 8 spell: Maxwell's Capacitive Coupling
121151 | Vaults:5 | Bought a scroll of amnesia for 76 gold pieces
121160 | Vaults:5 | Learned a level 7 spell: Malign Gateway
121508 | Vaults:5 | Bought a scroll of brand weapon for 133 gold pieces
121523 | Vaults:5 | Bought a potion of haste for 190 gold pieces
121537 | Vaults:5 | Bought a potion of brilliance for 68 gold pieces
121537 | Vaults:5 | Bought 2 potions of brilliance for 136 gold pieces
121537 | Vaults:5 | Bought a potion of might for 68 gold pieces
121537 | Vaults:5 | Bought a potion of cancellation for 136 gold pieces
121543 | Vaults:5 | Bought a potion of mutation for 136 gold pieces
123218 | Tomb:3   | Identified the "Sausso"
123218 | Pan      | Entered Pandemonium
123510 | Pan      | Found an exit through the horrors of the Abyss.
123779 | Pan      | Gained mutation: You are weak. (Str -2) [a cacodemon]
124411 | Pan      | Noticed Pej Cum the pandemonium lord
124466 | Pan      | Killed Pej Cum the pandemonium lord
125423 | Pan      | Noticed Cydid Udd the pandemonium lord
125574 | Pan      | Killed Cydid Udd the pandemonium lord
125743 | Pan      | Identified the +6 spear of Mueh {flame, *Corrode Int+4
                  | SInv}
125746 | Depths:2 | Escaped Pandemonium
125748 | Depths:2 | Upgraded the game from 0.31-a0-948-gf5be29c462 to
                  | 0.31-a0-960-g0fca184906
125968 | Zot:5    | Entered Level 5 of the Realm of Zot
127389 | Zot:5    | Noticed an ancient lich
127402 | Zot:5    | Noticed an ancient lich
127695 | Zot:5    | Noticed an ancient lich
127703 | Zot:5    | Killed an ancient lich
127709 | Zot:5    | Killed an ancient lich
127761 | Zot:5    | Noticed a dread lich
127766 | Zot:5    | Killed a dread lich
128464 | Zot:5    | Noticed an orb of fire
128477 | Zot:5    | Killed an orb of fire
128852 | Zot:4    | Killed an ancient lich
129621 | Zot:5    | Noticed a dread lich
129634 | Zot:5    | Killed a dread lich
130638 | Zot:5    | Noticed a dread lich
130655 | Zot:5    | Killed a dread lich
130676 | Zot:5    | Noticed a dread lich
130680 | Zot:5    | Killed a dread lich
130863 | Zot:5    | Noticed a dread lich
130870 | Zot:5    | Killed a dread lich
130876 | Zot:5    | Noticed an orb of fire
131083 | Zot:5    | Noticed a dread lich
131087 | Zot:5    | Noticed an ancient lich
131091 | Zot:5    | Killed a dread lich
131093 | Zot:5    | Killed an ancient lich
131153 | Zot:5    | Killed an orb of fire
131422 | Zot:5    | Noticed a dread lich
131435 | Zot:5    | Noticed a dread lich
131436 | Zot:5    | Killed a dread lich
131440 | Zot:5    | Banished a dread lich
134360 | Vaults:5 | Bought 2 potions of haste for 360 gold pieces
134393 | Vaults:5 | Bought a scroll of blinking for 142 gold pieces
134393 | Vaults:5 | Bought a scroll of blinking for 142 gold pieces
134436 | Vaults:5 | Bought a potion of brilliance for 76 gold pieces
134749 | Pan      | Entered Pandemonium
134865 | Pan      | Noticed Jiuph the pandemonium lord
134868 | Pan      | Noticed Ignacio
134868 | Pan      | Found an exit through the horrors of the Abyss.
134882 | Pan      | Noticed Ignacio
134929 | Pan      | Noticed Jythrug the pandemonium lord
134948 | Pan      | Killed Jythrug the pandemonium lord
135086 | Pan      | Got a demonic rune of Zot
135483 | Pan      | Noticed Sefoaz the pandemonium lord
135493 | Pan      | Killed Sefoaz the pandemonium lord
135936 | Pan      | Entered the realm of Lom Lobon.
136996 | Pan      | Noticed Mennas
137135 | Pan      | Killed Mennas
137547 | Pan      | Noticed Lom Lobon
137550 | Pan      | Got a magical rune of Zot
137562 | Pan      | Killed Lom Lobon
139725 | Pan      | Upgraded the game from 0.31-a0-960-g0fca184906 to
                  | 0.31-a0-963-ga325b2283a
139940 | Pan      | Found an exit through the horrors of the Abyss.
139990 | Pan      | Noticed Larufri the pandemonium lord
139994 | Pan      | Killed Larufri the pandemonium lord
140721 | Depths:2 | Escaped Pandemonium
141083 | D:3      | Bought a scroll of enchant weapon for 97 gold pieces
141478 | Vaults:5 | Bought a scroll of enchant weapon for 105 gold pieces
141490 | Vaults:5 | Bought a scroll of enchant weapon for 120 gold pieces
142079 | Pan      | Entered Pandemonium
142630 | Pan      | Noticed Kudghisum the pandemonium lord
142661 | Pan      | Killed Kudghisum the pandemonium lord
143311 | Pan      | Noticed Ligriexi the pandemonium lord
143315 | Pan      | Found an exit through the horrors of the Abyss.
143936 | Pan      | Identified the +4 falchion of the Fool {venom, rN++}
144128 | Pan      | Killed Ligriexi the pandemonium lord
144672 | Pan      | Found a runed translucent door.
144676 | Pan      | Found a runed translucent door.
144959 | Pan      | Found an exit through the horrors of the Abyss.
145043 | Pan      | Found a runed translucent door.
145404 | Pan      | Found a runed translucent door.
145622 | Pan      | Noticed Kyesot the pandemonium lord
145639 | Pan      | Killed Kyesot the pandemonium lord
145887 | Pan      | Identified the "Qieserphon"
145935 | Pan      | Acquired 883 gold pieces
146368 | Pan      | Found a transporter.
146424 | Pan      | Found a transporter.
146473 | Pan      | Identified the ring "Odghouwn" {rF+ MP+9 Int+3 Dex+3}
146477 | Pan      | Identified the +1 pair of boots of Existentialism {Contam
                  | rElec rN++ Regen+}
146627 | Pan      | Identified the staff of Zin {rElec Stlth+ Air}
146779 | Pan      | Entered the realm of Mnoleg.
146800 | Pan      | Gained mutation: You occasionally lose the ability to drink
                  | potions when taking damage. [a cacodemon]
146804 | Pan      | Lost mutation: You occasionally lose the ability to drink
                  | potions when taking damage. [potion of mutation]
146804 | Pan      | Lost mutation: Your spells are easier to cast, but less
                  | powerful. [potion of mutation]
146804 | Pan      | Lost mutation: You are weak. (Str -2) [potion of mutation]
146804 | Pan      | Gained mutation: Your muscles are strong. (Str +4, Int/Dex
                  | -1) [potion of mutation]
146804 | Pan      | Gained mutation: You have a pair of small horns on your
                  | head. [potion of mutation]
146959 | Pan      | Gained mutation: Your spells are easier to cast, but less
                  | powerful. [a cacodemon]
146960 | Pan      | Gained mutation: Your magical capacity is low. (-10% MP) [a
                  | cacodemon]
147058 | Pan      | Identified the +3 long sword of Past Mistakes {freeze,
                  | Will+ Str+2 Dex+5}
147384 | Pan      | Gained mutation: You do not regenerate when monsters are
                  | visible. [a neqoxec]
147386 | Pan      | Lost mutation: Your spells are easier to cast, but less
                  | powerful. [potion of mutation]
147386 | Pan      | Lost mutation: Your spells are a little easier to cast, but
                  | a little less powerful. [potion of mutation]
147386 | Pan      | Lost mutation: You do not regenerate when monsters are
                  | visible. [potion of mutation]
147386 | Pan      | Gained mutation: You possess an exceptional clarity of
                  | mind. [potion of mutation]
147386 | Pan      | Gained mutation: You have a pair of horns on your head.
                  | [potion of mutation]
147429 | Pan      | Lost mutation: You possess an exceptional clarity of mind.
                  | [a neqoxec]
147608 | Pan      | Noticed Mnoleg
147619 | Pan      | Killed Mnoleg
147704 | Pan      | Got a glowing rune of Zot
147863 | Pan      | Identified the of Fuaggo
147863 | Pan      | Entered the realm of Cerebov.
147991 | Pan      | Found an exit through the horrors of the Abyss.
148097 | Pan      | Identified the +6 short sword of the Omega Point {venom,
                  | *Noise +Blink rF+ Str+2}
148107 | Pan      | Identified the +1 scale mail of Tomorrow {Regen+ rCorr
                  | Dex-3}
148157 | Pan      | Identified the ring of Cynicism {Fly Dex+3}
148416 | Pan      | Identified the ring of Divine Intervention {Fire rElec rN+
                  | Str+3}
148468 | Pan      | Identified the +7 dagger of Honour {protect, rC+ Will++
                  | Str+3 Int-5}
148551 | Pan      | Found the +6 sword of Cerebov {flame}
148551 | Pan      | Noticed Cerebov
148666 | Pan      | Identified the +2 crystal plate armour of Modesty {MP+9
                  | Dex+3}
148698 | Pan      | Identified the +9 sling of the Two Names {drain, Will-
                  | Dex+7 Stlth-}
148726 | Pan      | Identified the +8 sling of Oily Blind Justice {elec, Drain
                  | rElec rCorr Str+4}
148730 | Pan      | Got a fiery rune of Zot
148764 | Pan      | Identified the +9 fire dragon scales of the Northern Lights
                  | {Harm rF++ rC- Regen+ Str+3 Stlth-}
149403 | Pan      | Killed Cerebov
149436 | Pan      | Upgraded the game from 0.31-a0-963-ga325b2283a to
                  | 0.31-a0-965-g8a8ce12e04
149485 | Pan      | Took an exit into the Abyss.
149485 | Abyss:4  | Escaped into the Abyss
149494 | Depths:2 | Escaped the Abyss
149804 | Vaults:5 | Bought a scroll of enchant weapon for 142 gold pieces
149804 | Vaults:5 | Bought a scroll of enchant weapon for 142 gold pieces
149839 | Vaults:5 | Bought a scroll of enchant armour for 105 gold pieces
149847 | Vaults:5 | Bought a scroll of enchant armour for 142 gold pieces
149859 | Vaults:5 | Bought a potion of lignification for 57 gold pieces
149870 | Vaults:5 | Bought a scroll of fog for 76 gold pieces
149881 | Vaults:5 | Bought a potion of mutation for 144 gold pieces
149895 | Vaults:5 | Bought a scroll of acquirement for 728 gold pieces
149895 | Vaults:5 | Identified the of Nodorph (You acquired it on level 5 of
                  | the Vaults)
149895 | Vaults:5 | Acquired 894 gold pieces
149908 | Vaults:5 | Bought a potion of heal wounds for 85 gold pieces
149929 | Vaults:5 | Bought a potion of heal wounds for 90 gold pieces
149947 | Vaults:5 | Bought a potion of heal wounds for 95 gold pieces
149947 | Vaults:5 | Bought a potion of berserk rage for 95 gold pieces
149958 | Vaults:5 | Bought a scroll of summoning for 180 gold pieces
149958 | Vaults:5 | Bought a scroll of revelation for 142 gold pieces
149958 | Vaults:5 | Bought a scroll of teleportation for 57 gold pieces
150002 | Vaults:5 | Bought a scroll of fog for 60 gold pieces
150002 | Vaults:5 | Bought a scroll of fog for 60 gold pieces
150048 | Vaults:5 | Bought a scroll of teleportation for 48 gold pieces
150048 | Vaults:5 | Bought a scroll of teleportation for 48 gold pieces
150048 | Vaults:5 | Bought a scroll of teleportation for 48 gold pieces
150059 | Vaults:5 | Bought a scroll of fog for 56 gold pieces
150103 | Vaults:5 | Bought a scroll of fog for 44 gold pieces
150103 | Vaults:5 | Bought a scroll of teleportation for 33 gold pieces
150103 | Vaults:5 | Bought a scroll of teleportation for 33 gold pieces
150429 | Orc:1    | Bought a potion of lignification for 51 gold pieces
150429 | Orc:1    | Bought a potion of lignification for 51 gold pieces
150429 | Orc:1    | Bought a potion of resistance for 170 gold pieces
150866 | Pan      | Identified the "Baiblum"
150866 | Pan      | Entered Pandemonium
152014 | Pan      | Acquired the ring "Fyotaur" {Fly rPois MP+9 Dex-3}
152428 | Pan      | Identified the +6 longbow "Giantslayer" {flame, Dex+8}
153227 | Pan      | Found a glowing golden altar of the Shining One.
153252 | Pan      | Identified the +8 scimitar of Crystal {heavy, Int+4}
153252 | Pan      | Noticed a seraph
153258 | Pan      | Killed a seraph
153271 | Pan      | Identified the +6 spear "Siyfy" {heavy, Dex+5}
153358 | Pan      | Identified the +0 cloak of Conscience {rC+}
153537 | Pan      | Identified the +2 tower shield "Dapimn" {rPois Will+ Str+3
                  | Dex+2}
153618 | Pan      | Found a glowing silver altar of Zin.
153857 | Pan      | Found a white marble altar of Elyvilon.
154190 | Pan      | Reached skill level 27 in Unarmed Combat
154431 | Pan      | Identified the +0 tower shield of Panentheism {rPois MP+9
                  | Dex-5}
154866 | Depths:2 | Escaped Pandemonium
155486 | Depths:2 | Learned a level 8 spell: Ignition
155486 | Depths:2 | Upgraded the game from 0.31-a0-965-g8a8ce12e04 to
                  | 0.31-a0-968-g24f9ace8b5
156148 | Pan      | Identified the of Caipnang
156148 | Pan      | Entered Pandemonium
156860 | Pan      | Noticed Iklo the pandemonium lord
156872 | Pan      | Killed Iklo the pandemonium lord
156873 | Pan      | Reached skill level 27 in Fighting
157695 | Pan      | Noticed Jolowe Qyumn the pandemonium lord
157699 | Pan      | Killed Jolowe Qyumn the pandemonium lord
157863 | Pan      | Noticed Ignacio
157876 | Pan      | Killed Ignacio
157877 | Pan      | Reached skill level 27 in Stealth
157911 | Pan      | Found an exit through the horrors of the Abyss.
158417 | Pan      | Found a runed translucent door.
158447 | Pan      | Found a runed translucent door.
158454 | Pan      | Found a runed translucent door.
158482 | Pan      | Found a runed translucent door.
158840 | Pan      | Found an exit through the horrors of the Abyss.
159172 | Pan      | Entered the realm of Gloorx Vloq.
159284 | Pan      | Found an exit through the horrors of the Abyss.
160004 | Pan      | Noticed Gloorx Vloq
160011 | Pan      | Killed Gloorx Vloq
160061 | Pan      | Got a dark rune of Zot
160185 | Pan      | Reached skill level 27 in Evocations
160196 | Pan      | Took an exit into the Abyss.
160196 | Abyss:4  | Escaped into the Abyss
160200 | Abyss:4  | Found a corrupted altar of Lugonu.
160208 | Depths:2 | Escaped the Abyss
160378 | Hell     | Entered the Vestibule of Hell
160379 | Hell     | Noticed Geryon
160385 | Hell     | Killed Geryon
160649 | Hell     | Found a gateway to the ashen valley of Gehenna.
160734 | Hell     | Found a gateway to the decaying netherworld of Tartarus.
160818 | Hell     | Found a gateway to the freezing wastes of Cocytus.
160978 | Hell     | Found a gateway to the Iron City of Dis.
161901 | Orc:1    | Bought a potion of enlightenment for 85 gold pieces
162024 | Elf:3    | Bought a potion of enlightenment for 100 gold pieces
162024 | Elf:3    | Bought a potion of resistance for 200 gold pieces
162024 | Elf:3    | Bought a potion of mutation for 160 gold pieces
162756 | Hell     | Lost mutation: You have a pair of horns on your head.
                  | [potion of mutation]
162756 | Hell     | Lost mutation: Your muscles are strong. (Str +4, Int/Dex
                  | -1) [potion of mutation]
162756 | Hell     | Gained mutation: You sometimes lose your temper in combat.
                  | [potion of mutation]
162756 | Hell     | Gained mutation: You are strong-willed. (Will+) [potion of
                  | mutation]
162756 | Hell     | Gained mutation: You are partially covered in iridescent
                  | scales. (AC +2) [potion of mutation]
162757 | Hell     | Lost mutation: You have a pair of small horns on your head.
                  | [potion of mutation]
162757 | Hell     | Lost mutation: You are partially covered in iridescent
                  | scales. (AC +2) [potion of mutation]
162757 | Hell     | Gained mutation: You have sharp fingernails. [potion of
                  | mutation]
162758 | Hell     | Lost mutation: Potions are less effective at restoring your
                  | health. [potion of mutation]
162758 | Hell     | Lost mutation: You sometimes lose your temper in combat.
                  | [potion of mutation]
162758 | Hell     | Gained mutation: Your magical capacity is very low. (-20%
                  | MP) [potion of mutation]
162758 | Hell     | Lost mutation: You are strong-willed. (Will+) [potion of
                  | mutation]
162758 | Hell     | Gained mutation: You are strong-willed. (Will+) [potion of
                  | mutation]
162759 | Hell     | Lost mutation: You are strong-willed. (Will+) [potion of
                  | mutation]
162759 | Hell     | Lost mutation: Your magical capacity is very low. (-20% MP)
                  | [potion of mutation]
162759 | Hell     | Lost mutation: You have sharp fingernails. [potion of
                  | mutation]
162759 | Hell     | Gained mutation: You expend magic power (3 MP) to
                  | strengthen your wands. [potion of mutation]
162759 | Hell     | Gained mutation: You have large cloven feet. [potion of
                  | mutation]
162759 | Hell     | Gained mutation: You occasionally lose the ability to read
                  | scrolls when taking damage. [potion of mutation]
162760 | Hell     | Lost mutation: You occasionally lose the ability to read
                  | scrolls when taking damage. [potion of mutation]
162760 | Hell     | Lost mutation: Your magical capacity is low. (-10% MP)
                  | [potion of mutation]
162760 | Hell     | Gained mutation: You are occasionally teleported next to
                  | monsters. [potion of mutation]
162761 | Hell     | Lost mutation: You are occasionally teleported next to
                  | monsters. [potion of mutation]
162761 | Hell     | Lost mutation: You have large cloven feet. [potion of
                  | mutation]
162761 | Hell     | Gained mutation: You occasionally lose the ability to read
                  | scrolls when taking damage. [potion of mutation]
162761 | Hell     | Gained mutation: You are robust. (+10% HP) [potion of
                  | mutation]
162776 | Hell     | Upgraded the game from 0.31-a0-968-g24f9ace8b5 to
                  | 0.31-a0-971-g75a2e9a4b4
162778 | Tar:1    | Entered Level 1 of Tartarus
162963 | Tar:1    | You fall into a shaft and drop 1 floor!
163948 | Pan      | Identified the "Uquekuro"
163948 | Pan      | Entered Pandemonium
164152 | Pan      | Lost mutation: You are robust. (+10% HP) [a cacodemon]
164365 | Pan      | Found a transporter.
164487 | Pan      | Found a transporter.
164767 | Pan      | Identified the amulet "Jotikuabou" {Faith Will+ rCorr Str+2
                  | Stlth+}
164813 | Pan      | Identified the ring of Twilight {Fire rCorr Str-4 Dex+8
                  | Stlth+}
164821 | Pan      | Identified the amulet "Jesolaid" {RegenMP Str+3}
165086 | Pan      | Found an exit through the horrors of the Abyss.
165097 | Pan      | Took an exit into the Abyss.
165097 | Abyss:4  | Escaped into the Abyss
165101 | Abyss:4  | Noticed a dread lich
165122 | Depths:2 | Escaped the Abyss
166314 | Tar:7    | Entered Level 7 of Tartarus
166675 | Tar:7    | Noticed an ancient lich
166677 | Tar:7    | Killed an ancient lich
166677 | Tar:7    | Noticed a dread lich
166682 | Tar:7    | Killed a dread lich
166776 | Tar:7    | Noticed Ereshkigal
167065 | Tar:7    | Identified the +0 buckler "Qoshriaf" {rPois rC++ Int-5
                  | Dex+3}
167067 | Tar:7    | Identified the ring of Ytevydui {rN+ Will+ Dex-4 Stlth+}
167314 | Tar:7    | Killed Ereshkigal
167323 | Tar:7    | Noticed an ancient lich
167324 | Tar:7    | Noticed a dread lich
167328 | Tar:7    | Killed an ancient lich
167331 | Tar:7    | Killed a dread lich
167490 | Tar:7    | Got a bone rune of Zot
167804 | Tar:7    | Found the +3 Elemental Staff {ele, rElec rF+ rC+ AC+3}
167807 | Tar:7    | Identified the +1 rapier of Generosity {freeze, Dex+2}
167831 | Tar:7    | Found the crystal ball of Wucad Mu {*channel}
167837 | Tar:7    | Identified the ring of the Nightingale {Ice Int+3}
168159 | Geh:1    | Entered Level 1 of Gehenna
170016 | Geh:7    | Entered Level 7 of Gehenna
170553 | Geh:7    | Noticed an ancient lich
170561 | Geh:7    | Killed an ancient lich
170850 | Geh:7    | Identified the orb of Ywnaggez {mayhem, Harm MP-9 Dex+3}
171283 | Geh:7    | Found the +13 sceptre of Asmodeus
171283 | Geh:7    | Noticed Asmodeus
171291 | Geh:7    | Killed Asmodeus
171296 | Geh:7    | Got an obsidian rune of Zot
171925 | Hell     | Upgraded the game from 0.31-a0-971-g75a2e9a4b4 to
                  | 0.31-a0-977-gc230f8ef24
172498 | Coc:1    | Entered Level 1 of Cocytus
173340 | Coc:4    | Paralysed by a wendigo for 1 turns
174020 | Coc:5    | Reached skill level 27 in Invocations
174761 | Coc:7    | Entered Level 7 of Cocytus
174925 | Coc:7    | Noticed the Serpent of Hell
174945 | Coc:7    | Killed the Serpent of Hell
176128 | Coc:7    | Found the +4 consecrated labrys {holy, Valiant Fragile Fly
                  | SInv}
176131 | Coc:7    | Found the necklace of Bloodlust {Fury *Rage Will++ Int-3
                  | Slay+6}
176132 | Coc:7    | Identified the +0 hat of the Evening {-Tele +Inv MP+9
                  | Int-2}
176138 | Coc:7    | Identified the +3 scale mail "Orir" {rC+ rCorr Dex+3}
176202 | Coc:7    | Noticed Antaeus
176210 | Coc:7    | Killed Antaeus
176231 | Coc:7    | Got an icy rune of Zot
176507 | Hell     | Learned a level 7 spell: Summon Hydra
176537 | Dis:1    | Entered Level 1 of the Iron City of Dis
176988 | Dis:1    | You fall into a shaft and drop 1 floor!
179079 | Dis:7    | Entered Level 7 of the Iron City of Dis
179217 | Dis:7    | Reached skill level 27 in Throwing
182297 | Dis:7    | Identified the +7 halberd "Lusabb" {drain, Will+ Int+2
                  | Dex+3}
183068 | Dis:7    | Identified the +11 trident of Anguish {freeze, rN+ Will-
                  | Dex+2}
183515 | Dis:7    | Found the +3 giant club "Skullcrusher" {speed, Str+7}
184108 | Dis:7    | Reached skill level 27 in Spellcasting
184378 | Dis:7    | Identified the +7 shortbow "Caygh" {speed, Fragile rPois
                  | rF+ Str+3}
184406 | Dis:7    | Identified the +2 quarterstaff of Moywko {flame, rElec rN+
                  | Str-3 Dex+4}
184418 | Dis:7    | Upgraded the game from 0.31-a0-977-gc230f8ef24 to
                  | 0.31-a0-978-g1e143483b6
184778 | Dis:7    | Identified the +4 falchion of Parts Unknown {flame, SInv}
184778 | Dis:7    | Noticed Dispater
185006 | Dis:7    | Killed Dispater
185174 | Dis:7    | Got an iron rune of Zot
185910 | D:3      | Bought 4 boomerangs for 112 gold pieces
186210 | Depths:3 | Voluntarily entered the Abyss.
186285 | Depths:3 | Escaped the Abyss
186684 | Crypt:3  | Identified the ring "Iddiaracw" {Fly Dex+3}
187122 | Crypt:3  | Found a staircase to the Tomb.
187128 | Tomb:1   | Entered Level 1 of the Tomb of the Ancients
187171 | Tomb:1   | Noticed Boris
187723 | Tomb:1   | Killed Boris
188083 | Tomb:1   | Identified the +1 scale mail of Beloved Miracles {Harm
                  | rElec Stlth-}
189437 | Tomb:1   | Noticed a royal mummy
189453 | Tomb:1   | Killed a royal mummy
189554 | Tomb:1   | Noticed a royal mummy
189556 | Tomb:1   | Noticed a royal mummy
189557 | Tomb:1   | Noticed a royal mummy
189573 | Tomb:1   | Killed a royal mummy
189580 | Tomb:1   | Killed a royal mummy
189586 | Tomb:1   | Noticed a royal mummy
189587 | Tomb:1   | Noticed a royal mummy
189589 | Tomb:1   | Killed a royal mummy
189595 | Tomb:1   | Killed a royal mummy
189602 | Tomb:1   | Killed a royal mummy
189638 | Tomb:1   | Noticed a royal mummy
189661 | Tomb:1   | Killed a royal mummy
189712 | Tomb:1   | Noticed a royal mummy
189719 | Tomb:1   | Killed a royal mummy
189720 | Tomb:1   | Reached skill level 27 in Dodging
189780 | Tomb:1   | Noticed a royal mummy
189801 | Tomb:1   | Killed a royal mummy
189866 | Tomb:1   | Noticed a royal mummy
189874 | Tomb:1   | Killed a royal mummy
189938 | Tomb:1   | Noticed a royal mummy
189949 | Tomb:1   | Killed a royal mummy
190027 | Tomb:1   | Noticed a royal mummy
190042 | Tomb:1   | Killed a royal mummy
190156 | Tomb:1   | Noticed a royal mummy
190174 | Tomb:1   | Killed a royal mummy
190249 | Tomb:1   | Noticed a royal mummy
190263 | Tomb:1   | Killed a royal mummy
190399 | Tomb:1   | Noticed a royal mummy
190442 | Tomb:1   | Killed a royal mummy
190477 | Tomb:1   | Noticed a royal mummy
190495 | Tomb:1   | Killed a royal mummy
190613 | Tomb:1   | Noticed a royal mummy
190625 | Tomb:1   | Killed a royal mummy
190682 | Tomb:1   | Noticed a royal mummy
190692 | Tomb:1   | Killed a royal mummy
190776 | Tomb:2   | Noticed a royal mummy
190776 | Tomb:2   | Noticed a royal mummy
190776 | Tomb:2   | Noticed a royal mummy
190789 | Tomb:2   | Killed a royal mummy
190789 | Tomb:2   | Noticed a royal mummy
190794 | Tomb:2   | Killed a royal mummy
190799 | Tomb:2   | Killed a royal mummy
190804 | Tomb:2   | Killed a royal mummy
191424 | Tomb:2   | Reached skill level 27 in Short Blades
191424 | Tomb:2   | Reached skill level 27 in Long Blades
191424 | Tomb:2   | Reached skill level 27 in Axes
191424 | Tomb:2   | Reached skill level 27 in Maces & Flails
191424 | Tomb:2   | Reached skill level 27 in Polearms
191424 | Tomb:2   | Reached skill level 27 in Staves
191424 | Tomb:2   | Reached skill level 27 in Ranged Weapons
191424 | Tomb:2   | Reached skill level 27 in Armour
191424 | Tomb:2   | Reached skill level 27 in Shields
191649 | Tomb:3   | Entered Level 3 of the Tomb of the Ancients
191702 | Tomb:3   | Noticed a royal mummy
191707 | Tomb:3   | Noticed a royal mummy
191708 | Tomb:3   | Killed a royal mummy
191715 | Tomb:3   | Noticed a royal mummy
191718 | Tomb:3   | Killed a royal mummy
191718 | Tomb:3   | Noticed a royal mummy
191719 | Tomb:3   | Noticed a royal mummy
191721 | Tomb:3   | Killed a royal mummy
191724 | Tomb:3   | Noticed a royal mummy
191727 | Tomb:3   | Killed a royal mummy
191730 | Tomb:3   | Killed a royal mummy
191731 | Tomb:3   | Noticed a royal mummy
191733 | Tomb:3   | Killed a royal mummy
191739 | Tomb:3   | Killed a royal mummy
191936 | Tomb:3   | Identified the ring of Zeovoone {rF+ Int+3}
191968 | Tomb:3   | Noticed a royal mummy
191997 | Tomb:3   | Killed a royal mummy
192065 | Tomb:3   | Noticed a royal mummy
192076 | Tomb:3   | Killed a royal mummy
192246 | Tomb:3   | Got a golden rune of Zot
192320 | Tomb:3   | Identified the +5 mace of Fear {protect, Str+3 Int+3}
192324 | Tomb:3   | Identified the +1 broad axe of Karma {holy, Will+ Int-2
                  | Dex+5 Stlth+}
192325 | Tomb:3   | Identified the +6 long sword "Venewit" {freeze, Int+4
                  | Dex+3}
192341 | Tomb:3   | Identified the +8 great mace "Tevodwu" {heavy, rC+}
193122 | Zot:5    | Learned a level 3 spell: Swiftness
193125 | Zot:5    | Learned a level 2 spell: Sublimation of Blood
193125 | Zot:5    | Got the Orb of Zot
193445 | D:14     | Noticed Ikloruk the pandemonium lord
193452 | D:14     | Killed Ikloruk the pandemonium lord
193677 | D:$      | Escaped with the Orb!

Illustrated notes

Levels and vault maps discovered:
D:1:      saegor_arrival_simple_b, layout_basic,
          hellmonk_ecumenical_altar_run_dry
D:2:      layout_rooms, basic_altar, uniq_crazy_yiuf_cottage
D:3:      gammafunk_wand_slinger, layout_basic, serial_shops,
          nicolae_square_shop, nicolae_book_shop_shelving, shop,
          nicolae_shop_stone, nicolae_shop_bloodbath_and_beyond, uniq_natasha
D:4:      layout_rooms, chequers_serial_rivers_room_b
D:5:      layout_cave_pools, jmf_multi_god_temple, serial_shops,
          nicolae_shop_rolling_square, uniq_sigmund, uniq_eustachio
D:6:      layout_basic
D:7:      layout_basic, ashenzari_altar_1, minmay_temple_entry_stoned_glass,
          serial_shops, nicolae_shop_tiny_statue_garden, dk_noncrumbling_2,
          uniq_menkaure
D:8:      layout_loops_cross, enter_ossuary_5, ebering_ghost_gozag
D:9:      minmay_the_grid_net [minmay_the_grid_expand, minmay_the_grid_embedded,
          minmay_the_grid_plusring, minmay_the_grid_mess,
          minmay_the_grid_odd_star,
          minmay_the_grid_prize_four_corners_diamond_b], layout_irregular_city,
          orc_0_dummy, gammafunk_ghost_grave
D:10:     layout_roguey, jmf_multi_god_temple2, kennysheep_generic_room_8
D:11:     layout_cave_pools, david_lair_generic,
          portal_ice_cave_entry_pillars_1, serial_shops, shop,
          gauntlet_entry_generic
D:12:     layout_irregular_city
D:13:     layout_basic, uniq_rupert
D:14:     minmay_roctagon, layout_basic, hellmonk_vaults_keyhole,
          corexii_leaking_fountain, drop_trap, uniq_lodul, uniq_agnes,
          uniq_nessos, uniq_roxanne
D:15:     hangedman_depths_entry_try_elsewhere_first, layout_basic
Temple:   bh_familiar_temple
Lair:1:   layout_chaotic_city, hangedman_tree_tricks, lemuel_fruit_fields
Lair:2:   layout_chaotic_city, nicolae_spider_entry_tight_spaces,
          small_statue_intersection, st_stairs_7,
          chequers_serial_rivers_micro_b, pdpol_lair_cavern_descent
Lair:3:   layout_misc_corridors, nicolae_swamp_entry_splash_gauntlet,
          st_stairs_6
Lair:4:   layout_loops_ring, serial_rivers, chequers_serial_rivers_micro_d,
          chequers_serial_rivers_room_b, chequers_serial_rivers_small_3,
          chequers_serial_rivers_micro_a, chequers_serial_rivers_small_a,
          chequers_serial_rivers_micro_b
Lair:5:   gammafunk_lair_ancient_temple, layout_regular_city,
          nicolae_slime_entry_slimehenge, nicolae_lair_lindhole, uniq_urug
Swamp:1:  layout_basic_swamp, evilmike_swamp_ruin_rubble_1, swamp_pool2,
          nicolae_swamp_frolicking_bunyips, infiniplex_staircase_pool
Swamp:2:  gammafunk_mikee_crab_dinner, layout_basic_swamp, serial_swamp_ruin,
          evilmike_swamp_ruin_wall, evilmike_swamp_ruin_house_3
Swamp:3:  layout_basic_swamp, nicolae_swamp_dense_foliage, swamp_pool2,
          nicolae_swamp_alligator_family
Swamp:4:  swamp_alternative, layout_basic_swamp
Spider:1: layout_spider_delve, nicolae_spider_not_touching_you, uniq_nikola
Spider:2: nicolae_spider_obnoxious_hallway, nicolae_spider_jagged_tunnels
Spider:3: layout_spider_delve, nicolae_spider_moth_buddies,
          hangedman_spider_tarantella_strand, uniq_mara, uniq_arachne
Spider:4: guppyfry_spider_rune
Slime:1:  cheibrodos_slime_lost_civilization_10, layout_caves,
          cheibrodos_slime_lost_civilization_5
Slime:2:  layout_caves
Slime:3:  layout_caves, nicolae_slime_barrier
Slime:4:  layout_caves
Slime:5:  slime_pit_nicolae_block_by_block
Orc:1:    layout_caves, serial_shops, shop, nicolae_shop_rolling_square,
          kennysheep_orc_sif_temple
Orc:2:    st_orc_ogre_mass, layout_caves, serial_shops, shop, basic_altar
Elf:1:    elf_arrival_001, layout_geoelf_grid,
          hangedman_elven_crosses_minicolossus, minmay_misc_feat_columns
Elf:2:    nicolae_elf_blades_crystal_corner, layout_geoelf_diagonals,
          uniq_norris
Elf:3:    minmay_elf_hall_x, layout_gridlike, serial_shops, shop_statue,
          einodemon_barbed_minivault, uniq_asterion
Vaults:1: nicolae_vaults_closet_pinwheel_4, nicolae_vaults_network_s,
          nicolae_vaults_tetromino_L_2, nicolae_vaults_border_crossing,
          vaults_mumra_hex, v_pattern_3, hangedman_vaults_snaps,
          vaults_dpeg_ring, layout_vaults_quadrants, uniq_saint_roka
Vaults:2: v_misc_1, v_alt_pattern_6, nicolae_vaults_big_ls, v_misc_28,
          ontoclasm_vaults_ring_large, minmay_crypt_entry_simple_statues,
          v_misc_13, nicolae_vaults_closet_pinwheel_1,
          nicolae_vaults_trapezoid_4, layout_vaults_ring, serial_shops,
          bzr_entry_customers
Vaults:3: nicolae_vaults_weapon_check, v_misc_25, v_rooms_5, v_pattern_4,
          vaults_standard_mumra_enter_the_diamond,
          nicolae_vaults_more_shelving_1, nicolae_vaults_shelves_hall,
          v_misc_23, nicolae_vaults_doubleplus_tesselated,
          grunt_vaults_hallway_short, nicolae_vaults_tetromino_Z_2,
          layout_vaults_big_room
Vaults:4: nicolae_vaults_puzzle_piece, nicolae_vaults_swerve, v_misc_15,
          vaults_room_hallway, dpeg_vaults_monster_row,
          nicolae_vaults_mini_display_case, nicolae_vaults_tetromino_L_2,
          nicolae_vaults_tetromino_L_1, v_alt_pattern_3, hangedman_vaults_slice,
          v_misc_30, nicolae_vaults_storage_room_glass,
          ontoclasm_vaults_loading_screen, layout_vaults_maze_bifur
Vaults:5: serial_shops
Crypt:1:  layout_rooms, uniq_margery
Crypt:2:  gammafunk_sealed_library, layout_misc_corridors,
          lemuel_dead_fish_pool, chequers_big_river, lemuel_upstairs_altar
Crypt:3:  david_glass_crypt, layout_gridlike, tomb_entry_shell_bobbens,
          serial_corexii_hall, chequers_hall_statues_corner_a,
          corexii_hall_statues_deadend, not_door_vault_due
Tomb:1
Tomb:2
Tomb:3
Depths:1: nooodl_heptagram, layout_cave_pools, grunt_decor_fettered,
          abyss_entry_flame_altar, hell_entry, nicolae_evil_shop,
          uniq_bai_suzhen
Depths:2: kennysheep_windowed_halls, layout_cave_shapes, rand_demon_pan_entry_9,
          pf_vacation_house_of_asmodeus, hangedman_decor_peaks_small,
          minmay_shoptagon
Depths:3: tekkud_shrikecote, layout_basic, hellmouth_1, serial_bayou_shore_a,
          abyss_entry
Depths:4: grunt_zot_entry_gee_three, layout_basic, enter_ziggurat_d,
          abyss_entry, vehumet_crystals, hell_entry, dreamdust_looks_like_rain,
          uniq_boris, uniq_josephina
Hell
Dis:1:    nicolae_dis_heavy_handed_symbolism
Dis:2:    layout_subdivisions
Dis:3:    layout_gridville
Dis:4:    layout_subdivisions
Dis:5:    layout_jigsaw
Dis:6:    layout_overlapping_boxes
Dis:7:    iron_city_of_dis [dis_grunt, dis_wall_5], layout_gridville
Geh:1:    layout_gehenna_pools_box, nicolae_hells_seeping_fissure
Geh:2:    layout_gehenna_pools_basic
Geh:3:    layout_gehenna_pools_box, nicolae_geh_lava_rosette
Geh:4:    layout_gehenna_pools_box, nicolae_hells_seeping_fissure
Geh:5:    layout_gehenna_pools_box, nicolae_hells_hurtin_island
Geh:6:    layout_gehenna_pools_basic, lemuel_flamethrower_2
Geh:7:    geh_grunt
Coc:1:    layout_cocytus_delve
Coc:2:    layout_ice_bergs
Coc:3:    layout_cocytus_water_paths
Coc:4:    layout_ice_bergs
Coc:5:    layout_ice_bergs
Coc:6:    layout_ice_bergs
Coc:7:    coc_dpeg
Tar:1:    layout_grid_maze
Tar:2:    layout_grid_maze
Tar:3:    layout_cathedral_of_symmetry, nicolae_tar_cuneiform_not
Tar:4:    layout_cathedral_of_symmetry
Tar:5:    layout_catacombs
Tar:6:    layout_cathedral_of_symmetry
Tar:7:    tar_grunt_cathedral
Zot:1:    layout_onion_interference, hangedman_feature_mirror
Zot:2:    layout_basic, hangedman_zot_decor_tridents, zot_minivault_1
Zot:3:    layout_cathedral_of_symmetry, grunt_megastairs_1
Zot:4:    layout_cellular_growth, st_stairs_11,
          hangedman_zot_decor_checkerboard, grunt_ministairs_7
Zot:5:    layout_misc_corridors, skrybe_zot_glass_1

Skill      XL: |  1  2  3  4  5  6  7  8  9 10 11 12 13 14 15 16 17 18 19 20 21 22 23 24 25 26 27 |
---------------+----------------------------------------------------------------------------------+-----
Conjurations   | 2 3 4 5 6 7 8 9 10 11 12 13 14 15 23 | 23.9
Summonings     | 2 3 4 5 6 7 8 9 10 11 12 13 14 15 23 | 23.9
Translocations | 2 3 4 5 6 7 8 9 10 11 12 13 14 15 23 | 23.9
Invocations    | 1 2 3 4 5 6 7 8 9 10 11 12 13 14 15 16 17 18 19 27 | 27.0
Fighting       | 1 2 3 4 5 6 7 9 10 11 12 13 14 15 16 17 19 20 27 | 27.0
Short Blades   | 1 2 3 4 5 6 7 9 10 11 12 13 14 15 16 17 18 27 | 27.0
Long Blades    | 1 2 3 4 5 6 7 9 10 11 12 13 14 15 16 17 18 27 | 27.0
Axes           | 1 2 3 4 5 6 7 9 10 11 12 13 14 15 16 17 18 27 | 27.0
Maces & Flails | 1 2 3 4 5 6 7 9 10 11 12 13 14 15 16 17 18 27 | 27.0
Polearms       | 1 2 3 4 5 6 7 9 10 11 12 13 14 15 16 17 18 27 | 27.0
Staves         | 1 2 3 4 5 6 7 9 10 11 12 13 14 15 16 17 18 27 | 27.0
Ranged Weapons | 1 2 3 4 5 6 7 9 10 11 12 13 14 15 16 17 18 27 | 27.0
Throwing       | 1 2 3 4 5 6 7 9 10 11 12 13 14 15 16 17 18 27 | 27.0
Armour         | 1 2 3 4 5 6 7 9 10 11 12 13 14 15 16 17 18 27 | 27.0
Shields        | 1 2 3 4 5 6 7 9 10 11 12 13 14 15 16 17 18 27 | 27.0
Unarmed Combat | 1 2 3 4 5 6 7 9 10 11 12 13 14 15 17 18 19 20 27 | 27.0
Evocations     | 1 2 3 4 5 6 7 9 10 11 12 13 14 15 16 17 18 27 | 27.0
Shapeshifting  | 1 2 3 4 5 6 7 8 9 10 11 12 13 14 15 16 25 | 25.7
Hexes          | 1 2 3 4 5 6 7 8 9 10 11 12 13 14 15 23 | 23.9
Necromancy     | 1 2 3 4 5 6 7 8 9 10 11 12 13 14 15 23 | 23.9
Transmutations | 1 2 3 4 5 6 7 8 9 10 11 12 13 14 15 23 | 23.9
Fire Magic     | 1 2 3 4 5 6 7 8 9 10 11 12 13 14 15 23 | 23.9
Ice Magic      | 1 2 3 4 5 6 7 8 9 10 11 12 13 14 15 23 | 23.9
Air Magic      | 1 2 3 4 5 6 7 8 9 10 11 12 13 14 15 23 | 23.9
Earth Magic    | 1 2 3 4 5 6 7 8 9 10 11 12 13 14 15 23 | 23.9
Poison Magic   | 1 2 3 4 5 6 7 8 9 10 11 12 13 14 15 23 | 23.9
Dodging        | 5 6 7 8 9 10 11 12 13 14 15 16 17 18 27 | 27.0
Stealth        | 5 6 7 8 9 10 11 12 13 14 15 16 17 18 19 27 | 27.0
Spellcasting   | 8 9 10 11 12 13 14 15 16 17 18 19 27 | 27.0

Action                     |  1- 3 |  4- 6 |  7- 9 | 10-12 | 13-15 | 16-18 | 19-21 | 22-24 | 25-27 || total
---------------------------+-------+-------+-------+-------+-------+-------+-------+-------+-------++-------
  Melee: Dagger            |     5 |    19 |    75 |   199 |   278 |   141 |   116 |     4 |    26 ||   863
         Bite              |       |     5 |    10 |    46 |    34 |    69 |   137 |   144 |   990 ||  1435
         Punch             |       |       |     2 |     6 |       |       |       |    10 |       ||    18
         Falchion          |       |       |    45 |    52 |    52 |     7 |    51 |   205 |   165 ||   577
         Long sword        |       |       |       |       |    25 |   233 |    13 |       |       ||   271
         Double sword      |       |       |       |       |       |       |   536 |   475 |  1103 ||  2114
         Glaive            |       |       |       |       |       |       |       |       |   445 ||   445
         Trishula          |       |       |       |       |       |       |       |       |  2986 ||  2986
         Scimitar          |       |       |       |       |       |       |       |       |   604 ||   604
         Unarmed           |       |       |       |       |       |       |       |       |   516 ||   516
         Headbutt          |       |       |       |       |       |       |       |       |   276 ||   276
   Fire: Heavy crossbow    |       |       |       |       |       |     7 |       |     3 |       ||    10
  Throw: Dart              |       |     5 |     5 |    62 |   118 |   222 |    23 |       |     2 ||   437
         Boomerang         |       |       |       |     1 |       |       |       |       |   304 ||   305
         Javelin           |       |       |       |     1 |     3 |    73 |    14 |    50 |   199 ||   340
         Throwing net      |       |       |       |       |       |       |       |     1 |       ||     1
   Cast: Magic Dart        |    88 |   166 |   136 |    69 |   213 |    49 |   122 |   101 |   188 ||  1132
         Call Imp          |     1 |    16 |    56 |    42 |       |     4 |     3 |       |       ||   122
         Slow              |       |     2 |       |       |       |       |       |       |       ||     2
         Blink             |       |     1 |     4 |    13 |    18 |    23 |     9 |    33 |    40 ||   141
         Stone Arrow       |       |       |    72 |   160 |   317 |   515 |   371 |   328 |   184 ||  1947
         Passwall          |       |       |     2 |     9 |    16 |    16 |    10 |     6 |    45 ||   104
         Mephitic Cloud    |       |       |    10 |    11 |    16 |    34 |    10 |     5 |     4 ||    90
         Dazzling Flash    |       |       |       |     8 |     5 |     5 |     4 |       |       ||    22
         Ensorcelled Hiber |       |       |       |       |   193 |    10 |    18 |       |    16 ||   237
         Lesser Beckoning  |       |       |       |       |    14 |    24 |    74 |    59 |   506 ||   677
         Yara's Violent Un |       |       |       |       |     2 |     1 |    11 |    42 |    98 ||   154
         Borgnjor's Vile C |       |       |       |       |       |   137 |   228 |   317 |   527 ||  1209
         Silence           |       |       |       |       |       |     5 |    10 |    10 |    22 ||    47
         Olgreb's Toxic Ra |       |       |       |       |       |    62 |   144 |    94 |     6 ||   306
         Lee's Rapid Decon |       |       |       |       |       |       |    23 |    30 |   426 ||   479
         Summon Lightning  |       |       |       |       |       |       |    31 |    31 |    14 ||    76
         Freezing Cloud    |       |       |       |       |       |       |       |    86 |   114 ||   200
         Dispel Undead     |       |       |       |       |       |       |       |    44 |   130 ||   174
         Manifold Assault  |       |       |       |       |       |       |       |    34 |    78 ||   112
         Fireball          |       |       |       |       |       |       |       |       |    23 ||    23
         Spellforged Servi |       |       |       |       |       |       |       |       |   344 ||   344
         Maxwell's Capacit |       |       |       |       |       |       |       |       |   186 ||   186
         Lehudib's Crystal |       |       |       |       |       |       |       |       |   102 ||   102
         Summon Hydra      |       |       |       |       |       |       |       |       |    68 ||    68
         Ignition          |       |       |       |       |       |       |       |       |    58 ||    58
         Malign Gateway    |       |       |       |       |       |       |       |       |    26 ||    26
 Invoke: Wall of Briars    |       |       |     1 |     2 |    17 |    15 |     9 |    14 |    81 ||   139
         Overgrow          |       |       |       |     1 |       |       |       |       |    23 ||    24
         Grow Ballistomyce |       |       |       |       |     3 |       |       |       |       ||     3
         Grow Oklob        |       |       |       |       |       |     1 |       |     1 |     2 ||     4
  Evoke: Wand              |       |     1 |     6 |     8 |    13 |    16 |    10 |    19 |    92 ||   165
         Tin of tremorston |       |       |       |       |     1 |       |       |       |     2 ||     3
         Phial of floods   |       |       |       |       |       |     1 |       |       |       ||     1
         Lightning rod     |       |       |       |       |       |       |       |       |     4 ||     4
    Use: Scroll            |       |     9 |     8 |     7 |     3 |     5 |     6 |    10 |    79 ||   127
         Potion            |       |       |     7 |     7 |     5 |     6 |     1 |    12 |    94 ||   132
   Stab: Sleeping          |     4 |       |       |     7 |   136 |    20 |    37 |     6 |    64 ||   274
         Invisible         |       |       |     1 |    12 |     4 |     2 |     2 |     1 |    30 ||    52
         Distracted        |       |       |     4 |     4 |       |     1 |     4 |     2 |   131 ||   146
         Confused          |       |       |       |       |     6 |    11 |     2 |       |       ||    19
         Held in net/web   |       |       |       |       |       |       |       |     5 |       ||     5
 Armour: Robe              |       |     5 |    22 |     1 |       |       |       |       |       ||    28
         Steam dragon scal |       |       |       |     7 |       |       |       |       |       ||     7
         Skin              |       |       |       |     5 |    34 |       |       |       |   187 ||   226
         Leather armour    |       |       |       |    30 |       |       |       |       |       ||    30
         Ring mail         |       |       |       |     8 |   148 |   472 |   448 |   601 |  1970 ||  3647
         Ice dragon scales |       |       |       |       |       |       |       |       |   233 ||   233
  Dodge: Dodged            |     9 |    48 |   124 |   205 |   207 |   425 |   443 |   461 |  2333 ||  4255
  Block: Buckler           |       |       |       |    42 |    86 |   211 |   228 |   256 |  1201 ||  2024
         Tower shield      |       |       |       |       |       |       |       |       |  1371 ||  1371
         Kite shield       |       |       |       |       |       |       |       |       |   288 ||   288

Table legend: (Time is in decaauts)
 A = Elapsed time spent in this place.
 B = Non-inter-level travel time spent in this place.
 C = Inter-level travel time spent in this place.
 D = Time resting spent in this place.
 E = Time spent auto-exploring this place.
 F = Levels seen in this place.
 G = Mean time per level.
                   A        B        C        D        E       F      G
               +--------+--------+--------+--------+--------+-----+--------+
         Total | 191181 | 152974 |  38207 |  54916 |   9056 | 120 | 1593.2 |
       Dungeon |  35659 |  21935 |  13724 |   8000 |   1876 |  15 | 2377.3 |
        Temple |      1 |      1 |      0 |      0 |      0 |   1 |    1.0 |
          Lair |  11197 |   7062 |   4135 |   1920 |    918 |   5 | 2239.4 |
         Swamp |   6456 |   5403 |   1053 |   2303 |    907 |   4 | 1614.0 |
   Spider Nest |   7127 |   6170 |    957 |   2383 |    433 |   4 | 1781.8 |
    Slime Pits |   6890 |   5658 |   1232 |   2116 |    306 |   5 | 1378.0 |
  Orcish Mines |   2547 |   1939 |    608 |    529 |    272 |   2 | 1273.5 |
   Elven Halls |   9828 |   8530 |   1298 |   3716 |    567 |   3 | 3276.0 |
        Vaults |  17750 |  12581 |   5169 |   4123 |    665 |   5 | 3550.0 |
         Crypt |   8782 |   7966 |    816 |   3605 |    304 |   3 | 2927.3 |
          Tomb |   5291 |   5042 |    249 |   2216 |    348 |   3 | 1763.7 |
        Depths |  15989 |  10320 |   5669 |   4299 |    672 |   4 | 3997.2 |
          Hell |   1472 |   1048 |    424 |    159 |      0 |   1 | 1472.0 |
           Dis |   8621 |   8226 |    395 |   5282 |     47 |   7 | 1231.6 |
       Gehenna |   3213 |   2977 |    236 |    649 |      0 |   7 |  459.0 |
       Cocytus |   3599 |   3481 |    118 |   1263 |    136 |   7 |  514.1 |
      Tartarus |   3087 |   2914 |    173 |    532 |      0 |   7 |  441.0 |
           Zot |  17109 |  15162 |   1947 |   6776 |    933 |   5 | 3421.8 |
         Abyss |    518 |    518 |      0 |      0 |      0 |   8 |   64.8 |
   Pandemonium |  24028 |  24028 |      0 |   4489 |    448 |  21 | 1144.2 |
        Bazaar |     80 |     80 |      0 |      0 |      0 |   1 |   80.0 |
       Ossuary |    665 |    665 |      0 |    201 |     92 |   1 |  665.0 |
      Gauntlet |   1261 |   1261 |      0 |    348 |    129 |   1 | 1261.0 |
               +--------+--------+--------+--------+--------+-----+--------+

Top non-repeatable levels by time:
   Dis:7: 6243 daAuts
   Zot:5: 5667 daAuts
Depths:2: 5170 daAuts
Vaults:2: 4571 daAuts
Vaults:1: 4535 daAuts
 Crypt:3: 4497 daAuts
    D:14: 4351 daAuts
    D:15: 4218 daAuts
   Elf:2: 4192 daAuts
Depths:1: 4141 daAuts
     D:9: 4057 daAuts
  Tomb:1: 3754 daAuts
Depths:4: 3719 daAuts
Vaults:5: 3684 daAuts
   Elf:3: 3358 daAuts
